 Dungeon Crawl Stone Soup version 0.30.0-29-ga12c61a403 (webtiles) character file.

Game seed: 6079078168620365351

511082 qw the Slayer (level 25, 0/179 HPs)
             Began as a Gargoyle Fighter on June 2, 2023.
             Was an Elder of Okawaru.
             Killed by divine providence
             ... invoked by a white draconian stormcaller
              (10 damage)
             ... on level 1 of the Realm of Zot.
             The game lasted 00:35:31 (47436 turns).

qw the Slayer (Gargoyle Fighter)                   Turns: 47436, Time: 00:35:32

Health: 0/179      AC: 66    Str: 33    XL:     25   Next: 9%
Magic:  30/30      EV:  9    Int: 19    God:    Okawaru [****..]
Gold:   6043       SH: 20    Dex:  8    Spells: 24/24 levels left

rFire   . . .        M - +6 broad axe of the Moth {heavy, Will+}
rCold   + . .        L - +0 tower shield {AC+3}
rNeg    + + .        B - +3 crystal plate armour
rPois   inf          x - +0 hat "Vuweot" {rPois Regen+ Slay+3}
rElec   +            q - +1 cloak {rCorr}
rCorr   +            r - +2 pair of gloves "Earthly Heaven" {Str+4}
SInv    +            O - +2 pair of boots {Stlth+}
Will    +++++        j - amulet of faith Stlth
                     H - ring of Gorararo {Wiz Contam rC+ Will+++ Int+3}
HPRegen 1.29/turn    K - ring "Geatestra" {rPois rN+ Str+3 SInv Stlth+}
MPRegen 0.22/turn

%: faith, wizardry (x1)
@: about to teleport, flying
A: sickness immunity, AC +19, big wings, negative energy resistance 1,
electricity resistance, torment resistance 1, petrification resistance,
iridescent scales 1, clever 1, weak 1
}: 3/15 runes: decaying, serpentine, silver
a: Renounce Religion, Heroism, Finesse


You were on level 1 of the Realm of Zot.
You worshipped Okawaru.
Okawaru was greatly pleased with you.
You visited 8 branches of the dungeon, and saw 41 of its levels.
You also visited: Gauntlet and Desolation.

You collected 8018 gold pieces.
You spent 1975 gold pieces at shops.


Innate Abilities, Weirdness & Mutations

You are immune to sickness and miasma.
Your stone body is resilient. (AC +19)
You are immune to poison.
Your large and strong wings let you fly.
You resist negative energy. (rN+)
You are resistant to electric shocks. (rElec)
You are resistant to unholy torment.
You are immune to petrification.
You are partially covered in iridescent scales. (AC +2)
Your mind is acute. (Int +4, Str/Dex -1)
You are weak. (Str -2)


   Skills:
 + Level 24.2 Fighting
 - Level 18.0 Axes
 - Level 13.9 Throwing
 - Level 22.0 Armour
 - Level 6.0 Dodging
 - Level 22.0 Shields
 - Level 10.0 Invocations


You had 24 spell levels left.
You didn't know any spells.
Your spell library was empty.

Inventory:

Hand Weapons
 M - the +6 broad axe of the Moth (weapon) {heavy, Will+}
   (You acquired it on level 2 of the Depths)

   Will:      It increases your willpower.
Missiles
 n - 7 silver boomerangs
 t - 14 boomerangs
 A - 4 boomerangs of dispersal
 I - 3 javelins (quivered)
Armour
 i - a +2 kite shield of resistance
 q - a +1 cloak of preservation (worn)
 r - the +2 pair of gloves "Earthly Heaven" (worn) {Str+4}
   (You found it in a Gauntlet)

   Str:       It affects your strength (+4).
 x - the +0 hat "Vuweot" (worn) {rPois Regen+ Slay+3}
   (Okawaru gifted it to you on level 13 of the Dungeon)

   Slay:      It affects your accuracy & damage with ranged weapons and melee
   (+3).
   rPois:     It protects you from poison.
   Regen:     It increases your rate of health regeneration.
 B - a +3 crystal plate armour (worn)
 L - a +0 tower shield of protection (worn)
 O - a +2 pair of boots of stealth (worn)
 R - the +6 acid dragon scales "Vesmisch" {rN+ Regen+ rCorr Slay+3}
   (You took it off Mara on level 5 of the Vaults)

   Slay:      It affects your accuracy & damage with ranged weapons and melee
   (+3).
   rN:        It protects you from negative energy.
   Regen:     It increases your rate of health regeneration.
   rCorr:     It protects you from acid and corrosion.
Jewellery
 b - a ring of protection from fire
 c - a ring of protection from fire
 e - the amulet of the Four Winds {rN+ Will+++ Clar}
   (You took it off a hell knight on level 5 of the Vaults)

   [amulet of nothing]

   rN:        It protects you from negative energy.
   Clar:      It protects you from confusion, rage, mesmerisation and fear.
   Will:      It greatly increases your willpower.
 f - a ring of resist corrosion
 j - an amulet of faith (around neck)
 o - the ring of Niwkeub {rC++ Will+}
   (You found it on level 4 of the Dungeon)

   [ring of willpower]

   rC:        It greatly protects you from cold.
   Will:      It increases your willpower.
 v - the amulet "Zieturghy" {RegenMP rC+ Int+3 Dex+3}
   (You found it in the Desolation of Salt)

   [amulet of magic regeneration]

   It increases your rate of magic regeneration.
   Int:       It affects your intelligence (+3).
   Dex:       It affects your dexterity (+3).
   rC:        It protects you from cold.
 y - a +5 ring of evasion
 C - a ring of resist corrosion
 F - the amulet "Koful" {Reflect Str+3 SH+5}
   (You took it off an imperial myrmidon in the Desolation of Salt)

   [amulet of reflection]

   It reflects blocked missile attacks.
   Str:       It affects your strength (+3).
   SH:        It affects your SH (+5).
 H - the ring of Gorararo (left hand) {Wiz Contam rC+ Will+++ Int+3}
   (You found it in the Desolation of Salt)

   [ring of wizardry]

   It improves your spell success rate.
   Int:       It affects your intelligence (+3).
   rC:        It protects you from cold.
   Contam:    It causes magical contamination when unequipped.
   Will:      It greatly increases your willpower.
 K - the ring "Geatestra" (right hand) {rPois rN+ Str+3 SInv Stlth+}
   (You found it in the Desolation of Salt)

   [ring of poison resistance]

   Str:       It affects your strength (+3).
   rPois:     It protects you from poison.
   rN:        It protects you from negative energy.
   SInv:      It lets you see invisible.
   Stlth:     It makes you more stealthy.
 N - the amulet "Qireh" {rElec rF+ Will+ Regen+}
   (You took it off a frost giant on level 5 of the Vaults)

   [amulet of regeneration]

   rF:        It protects you from fire.
   rElec:     It insulates you from electricity.
   Regen:     It increases your rate of health regeneration.
   Will:      It increases your willpower.
 S - the ring of Xom's Passing Interest {Drain rC+ Will+ Dex+2 Stlth+}
   (You found it on level 5 of the Vaults)

   [ring of willpower]

   Dex:       It affects your dexterity (+2).
   rC:        It protects you from cold.
   Drain:     It drains your maximum health when unequipped.
   Will:      It increases your willpower.
   Stlth:     It makes you more stealthy.
 Y - a +4 ring of protection
Wands
 u - a wand of digging (27)
Scrolls
 a - 11 scrolls of identify
 h - a scroll of teleportation
Potions
 d - 7 potions of might
 g - 27 potions of curing
 k - 6 potions of haste
 l - 3 potions of resistance
 m - 12 potions of attraction
 w - 5 potions of magic
 z - 4 potions of lignification
 G - 4 potions of cancellation
 J - 7 potions of mutation

Dungeon Overview and Level Annotations

Branches:
Dungeon (15/15)            Temple (0/1) D:7            Lair (5/5) D:9
  Swamp (4/4) Lair:3        Snake (4/4) Lair:3        Slime (0/5) Lair:5
    Orc (2/2) D:10            Elf (0/3) Orc:2        Vaults (5/5) D:14
  Crypt (0/3) Vaults:2     Depths (4/4) D:15            Zot (2/5) Depths:4
Desolation (visited)      Gauntlet (visited)

Altars:
Cheibriados
Elyvilon
Fedhas
Kikubaaqudgha
Makhleb
Okawaru
Trog
Xom
Yredelemnul
Zin
The Shining One
Jiyva

Shops:
D:5 (   Orc:2 ([*:   Snake:3 [   Vaults:2 (   Vaults:4 !   Depths:1 (=

Portals:
Hell: Depths:1 Depths:2 Depths:3 Depths:4
Abyss: Depths:2 Depths:3 Depths:4
Pandemonium: Depths:2 Depths:4
Ziggurat: Depths:3

Annotations:
D:6 1 runed translucent door, Crazy Yiuf
D:10 3 runed translucent doors, qw's ghost, journeyman GrFi
D:14 1 runed translucent door, Wopp's ghost, journeyman GrEE
Lair:1 3 runed translucent doors, qw's ghost, journeyman GrFi
Depths:2 3 runed translucent doors, Xutext's ghost, adept DsAK
Depths:3 2 transporters
Zot:1 exclusions: 2 draconian scorchers and 6 draconian stormcallers


Message History

You block the swamp drake's attack.
The white draconian stormcaller mumbles some strange prayers to Qazlal.
The death drake bites you but does no damage.
Enter note:
Enter note:
Enter note:
Enter note:
Enter note:
Enter note:
Enter note:
Enter note:
Enter note:
Enter note:
Enter note:
Enter note:
Enter note:
Enter note:
Enter note:
Enter note:
Enter note:
Enter note:
Enter note:
Enter note:
Enter note:
Enter note:
Enter note:
Enter note:
Enter note:
Enter note:
Enter note:
Enter note:
Enter note:
Enter note:
Enter note:
Enter note:
Enter note: The wind drake hisses angrily.
The white draconian stormcaller mumbles some strange prayers to Qazlal against you.
Qazlal smites you!
You die...

.k¤.............^...####.##......
..k.¤..........###..# #.##.####.
..l............#q#..# #.##.#....
###kl....###...###..# #.##.#.###
#q#k.....#q#........# #.##.#.#
###......###...^....# #.##.#.#
......>..........#### #.##.#.###
.....>....k......#q## #.##.#....
......>.........@#### #.##.#####
###......###.....k..# #.##.#
#q#.....k#q#.....k..# #.##.#
###.l....###...###..####.##.#####
...............#q#...............
...k..........k###...........####
.............................#
....##....#####.###..........#
##.###)#### #...##.........#


You could see 5 draconians, 2 death drakes, a wind drake (summoned, repels
missiles) and a swamp drake (summoned).

Vanquished Creatures
  3 dread liches (Vaults:5)
  2 ancient liches (Vaults:5)
  Mara (Vaults:5)
  Sojobo (Vaults:2)
  Boris (Vaults:5)
  Frederick (Vaults:3)
  Saint Roka (Vaults:5)
  Xtahua (Depths:3)
  Vashnia (Snake:4)
  6 caustic shrikes
  Margery (Vaults:2)
  3 golden dragons
  Nikola (Snake:4)
  A bone dragon (Vaults:2)
  Jorgrun (Orc:1)
  An electric golem (Zot:1)
  9 tentacled monstrosities
  2 walking divine tomes
  3 liches
  An acid blob (shapeshifter) (Vaults:5)
  5 titans
  7 sphinxes
  Kirke (Lair:4)
  Gastronok (D:12)
  A death cob (Zot:1)
  5 storm dragons
  5 tengu reavers
  6 shadow dragons
  Donald (Swamp:3)
  Roxanne (D:14)
  2 draconian knights (Zot:1)
  A draconian monk (Zot:1)
  14 nagarajas
  8 fire giants
  3 deep elf sorcerers
  An iron dragon (Depths:2)
  10 frost giants
  4 draconian scorchers
  17 vault wardens
  A ghost moth (Zot:1)
  3 imperial myrmidons (Desolation)
  Louise (Snake:2)
  A draconian stormcaller (Zot:1)
  2 draconian shifters (Zot:1)
  20 very ugly things
  A quicksilver ooze (shapeshifter) (Depths:2)
  3 orc warlords
  3 spriggan defenders
  24 ironbound preservers
  2 war gargoyles
  5 ironbound thunderhulks
  19 stone giants
  4 green draconians
  4 black draconians (Zot:1)
  2 vampire knights
  4 deep elf demonologists (Vaults:5)
  2 red draconians (Zot:1)
  3 eleionomae
  A bunyip (shapeshifter) (Vaults:5)
  A minotaur (Gauntlet)
  5 bunyips
  2 white draconians (Zot:1)
  5 dire elephants (Vaults:1)
  2 deep elf annihilators
  6 spark wasps
  4 purple draconians
  3 yellow draconians
  9 ettins
  Snorg (Orc:1)
  A halazid warlock (Desolation)
  A deep elf death mage (Vaults:5)
  4 ragged hierophants (Desolation)
  2 deep elf high priests (Vaults:5)
  5 jiangshi
  6 fire dragons
  4 entropy weavers
  16 yaktaur captains
  A great orb of eyes (Vaults:3)
  2 shambling mangroves
  36 vault guards
  6 servants of whispers (Desolation)
  6 ice dragons
  3 salamander tyrants (Snake:4)
  19 hydras
  3 ghost crabs
  4 rakshasas
  6 spriggan air magi
  5 centaur warriors
  7 boulder beetles
  10 peacekeepers
  9 ironbound frosthearts
  2 ogre magi
  An anaconda (shapeshifter) (Vaults:5)
  8 anacondas
  6 two-headed ogres
  A catoblepas (Lair:4)
  9 alligators
  6 death yaks
  An orc high priest (Orc:2)
  6 deep troll earth magi
  3 vampire magi
  6 deep troll shamans
  15 naga warriors
  7 tengu warriors
  9 shock serpents
  7 spriggan berserkers
  16 naga sharpshooters
  A shock serpent (shapeshifter) (Vaults:5)
  15 hell knights
  8 skeletal warriors
  2 skysharks
  A goliath frog (shapeshifter) (Vaults:5)
  2 salamander mystics (Snake:4)
  A fire crab (shapeshifter) (Vaults:5)
  Lodul (D:11)
  6 iron trolls
  10 goliath frogs
  2 death drakes
  A swamp dragon (shapeshifter) (Vaults:4)
  A flayed ghost (Depths:3)
  A glowing orange brain (Depths:4)
  10 swamp dragons
  4 spriggan druids
  18 ironbound convokers
  70 deep trolls
  12 lindwurms
  Pikel (D:6)
  5 naga ritualists
  8 bog bodies
  5 phantasmal warriors (Vaults:5)
  9 orc knights
  15 wizards
  11 necromancers
  A sphinx zombie (Vaults:3)
  A deep elf zephyrmancer (Vaults:5)
  7 harpies
  3 deep elf pyromancers
  34 ugly things
  8 manticores
  5 mana vipers
  4 orc sorcerers
  A cyclops (shapeshifter) (Vaults:5)
  A human zombie (Vaults:3)
  A will-o-the-wisp (Swamp:4)
  A tengu skeleton (Vaults:3)
  3 moths of wrath (Zot:1)
  6 cyclopes
  7 salamanders
  7 elephants
  32 black mambas
  2 rust devils (Depths:2)
  A centaur zombie (D:10)
  15 naga magi
  Maurice (D:12)
  20 vault sentinels
  A smoke demon (Depths:2)
  11 cane toads
  3 spectral spriggans (Swamp:2)
  8 guardian serpents
  2 torpor snails
  3 centaur skeletons (D:10)
  2 molten gargoyles (Desolation)
  An unseen horror (D:12)
  2 efreet
  4 freezing wraiths (Vaults:5)
  5 tengu conjurers
  38 yaktaurs
  An ice devil (Depths:2)
  2 rime drakes
  A tormentor (Depths:2)
  7 komodo dragons
  2 burning bushes (Lair:1)
  A bloated husk (Swamp:2)
  2 hellwings (D:10)
  7 trolls
  21 hornets
  A tengu simulacrum (Vaults:3)
  8 tyrant leeches
  15 blink frogs
  45 saltlings (Desolation)
  4 polar bears (Lair:5)
  11 dream sheep (Lair:5)
  A dream sheep (shapeshifter) (Vaults:5)
  A meliai zombie (D:10)
  36 slime creatures
  Sigmund (D:6)
  2 culicivoras
  2 shadows
  A vampire (D:10)
  3 wraiths
  An elf simulacrum (Vaults:3)
  4 wyverns
  2 hogs (Lair:4)
  2 fire elementals (Gauntlet)
  29 spriggans
  6 water elementals
  Grum (D:9)
  4 basilisks
  3 humans (Lair:4)
  63 yaks
  A yak (shapeshifter) (Vaults:5)
  2 redbacks
  12 vampire mosquitoes
  10 swamp worms
  38 nagas
  7 wargs
  An acid dragon (D:8)
  13 water moccasins
  8 hell hounds
  14 swamp drakes
  32 orc warriors
  6 black bears
  15 ogres
  3 boggarts (Lair:5)
  14 centaurs
  35 wolves
  A phantom (D:5)
  4 kobold brigands
  Blork the orc (Orc:2)
  8 bullfrogs
  A human simulacrum (Vaults:1)
  3 gnoll sergeants
  4 scorpions
  5 wights (D:9)
  6 killer bees
  2 vampire bats (Lair:5)
  7 electric eels (Lair:3)
  4 howler monkeys
  3 hounds
  22 orc priests
  3 iguanas
  26 orc wizards
  A boggart skeleton (D:10)
  17 gnolls
  13 adders
  5 shadow imps
  A white imp (D:6)
  2 ufetubi
  2 dart slugs (D:3)
  8 worms
  70 orcs
  9 endoplasms
  5 giant cockroaches
  7 goblins
  4 hobgoblins
  6 jackals (D:2)
  3 quokkas
  5 ball pythons
  12 bats
  5 frilled lizards
  15 kobolds
  4 rats
  A spectral weapon (Swamp:2)
1793 creatures vanquished.

Vanquished Creatures (others)
  An alligator (Swamp:4)
  A naga warrior (Snake:4)
  2 naga sharpshooters (Snake:4)
  A spriggan druid (Swamp:2)
  A black mamba (Snake:4)
  4 bloated husks
  2 foxfires (Swamp:4)
12 creatures vanquished.

Grand Total: 1805 creatures vanquished

Notes
Turn   | Place    | Note
-------+----------+-------------------------------------------
     0 | D:1      | qw the Gargoyle Fighter began the quest for the Orb.
     0 | D:1      | Reached XP level 1. HP: 14/14 MP: 1/1
     0 | D:1      | 0 ||| qw: Version: 0.2-a-102-gdf20003
     0 | D:1      | 0 ||| qw: Game counter: 937
     0 | D:1      | 0 ||| qw: Always use a shield: true
     0 | D:1      | 0 ||| qw: God list: Okawaru
     0 | D:1      | 0 ||| qw: Allow faded altars: false
     0 | D:1      | 0 ||| qw: Do Orc after D:15 true
     0 | D:1      | 0 ||| qw: Do second Lair branch before Depths: true
     0 | D:1      | 0 ||| qw: Lair rune preference: random
     0 | D:1      | 0 ||| qw: Plans: Normal, Zot:1-4, Slime:5, God:TSO, Crypt,
                  | Tomb, Pan, Hells, Abyss, Win
     0 | D:1      | 0 ||| PLANNING D:1-11
   225 | D:1      | 225 ||| Stepping ~*~*~tactically~*~*~ (hiding).
   391 | D:1      | Reached XP level 2. HP: 19/19 MP: 2/2
   909 | D:1      | 909 ||| UPGRADING to amulet of faith.
   914 | D:1      | 914 ||| UPGRADING to ring of resist corrosion.
   915 | D:1      | 915 ||| READING 2 scrolls labelled SALOUX AKHLEI.
   916 | D:1      | 916 ||| READING scroll labelled IQAUQA DAIRUO.
   919 | D:1      | 919 ||| READING scroll labelled QAHAMI WOXI.
   920 | D:1      | 920 ||| READING scroll labelled CIAF QEUCWE.
   921 | D:1      | 921 ||| DRINKING 3 purple potions.
   945 | D:2      | 945 ||| STAIRDANCE
   956 | D:1      | Reached skill level 3 in Axes
   956 | D:1      | Reached XP level 3. HP: 17/23 MP: 3/3
  1172 | D:2      | Found an iron altar of Okawaru.
  1173 | D:2      | 1173 ||| PLANNING OKAWARU WORSHIP
  1182 | D:2      | 1182 ||| READING scroll labelled EFAUCSIAKH.
  1183 | D:2      | 1183 ||| READING 2 scrolls of identify.
  1183 | D:2      | 1183 ||| IDENTIFYING viscous blue potion
  1184 | D:2      | 1184 ||| DROPPING potion of flight.
  1191 | D:2      | Became a worshipper of Warmaster Okawaru
  1191 | D:2      | 1191 ||| PLANNING D:1-11
  1281 | D:2      | 1281 ||| Stepping ~*~*~tactically~*~*~ (stealth).
  1335 | D:2      | Found a faded altar of an unknown god.
  1379 | D:2      | Reached XP level 4. HP: 26/28 MP: 4/4
  1653 | D:2      | 1653 ||| UPGRADING to ring of willpower.
  1654 | D:2      | 1654 ||| READING 3 scrolls labelled REM RAYPHAEGIU.
  1655 | D:2      | 1655 ||| READING 2 scrolls of enchant weapon.
  1655 | D:2      | 1655 ||| ENCHANTING +1 war axe.
  1656 | D:2      | 1656 ||| READING scroll of enchant weapon.
  1656 | D:2      | 1656 ||| ENCHANTING +2 war axe.
  1657 | D:2      | 1657 ||| READING 3 scrolls of identify.
  1657 | D:2      | 1657 ||| IDENTIFYING sedimented blue potion
  1658 | D:2      | 1658 ||| DROPPING potion of berserk rage.
  1676 | D:3      | 1676 ||| STAIRDANCE
  1705 | D:3      | 1705 ||| Stepping ~*~*~tactically~*~*~ (hiding).
  1706 | D:3      | 1706 ||| Stepping ~*~*~tactically~*~*~ (hiding).
  1707 | D:3      | 1707 ||| Stepping ~*~*~tactically~*~*~ (hiding).
  2143 | D:3      | 2143 ||| Stepping ~*~*~tactically~*~*~ (hiding).
  2156 | D:3      | Reached XP level 5. HP: 30/32 MP: 5/5
  2648 | D:3      | 2648 ||| UPGRADING to +0 pair of boots.
  2653 | D:3      | 2653 ||| UPGRADING to +0 chain mail.
  2663 | D:3      | 2663 ||| DROPPING +0 scale mail.
  2664 | D:3      | 2664 ||| READING 2 scrolls of identify.
  2664 | D:3      | 2664 ||| IDENTIFYING grey potion
  2694 | D:4      | You fall into a shaft and drop 2 floors!
  2708 | D:6      | Identified the +3 scale mail of Midnight {+Blink rCorr}
  2714 | D:6      | 2714 ||| READING scroll labelled VEUMOS PUCIZXOELOP.
  2719 | D:5      | Entered Level 5 of the Dungeon
  2721 | D:5      | 2721 ||| Stepping ~*~*~tactically~*~*~ (hiding).
  2722 | D:5      | 2722 ||| Stepping ~*~*~tactically~*~*~ (hiding).
  2732 | D:5      | Reached * piety under Okawaru
  2733 | D:5      | 2733 ||| INVOKING Heroism.
  2736 | D:5      | Reached skill level 4 in Fighting
  2736 | D:5      | Reached XP level 6. HP: 14/38 MP: 3/6
  2759 | D:5      | 2759 ||| Stepping ~*~*~tactically~*~*~ (stealth).
  2828 | D:5      | 2828 ||| DROPPING +0 club.
  2863 | D:5      | 2863 ||| READING scroll labelled NIPLIH DOCVALI.
  2906 | D:4      | Noticed a black bear
  2914 | D:4      | Killed a black bear
  3029 | D:4      | Identified the ring of Niwkeub {rC++ Will+}
  3077 | D:4      | 3077 ||| INVOKING Heroism.
  3094 | D:4      | Reached skill level 6 in Axes
  3297 | D:4      | Reached skill level 1 in Invocations
  3404 | D:4      | 3404 ||| UPGRADING to ring of Niwkeub {rC++ Will+}.
  3406 | D:4      | 3406 ||| DRINKING 4 puce potions.
  3419 | D:5      | Found Pasofichimp's Weapon Shop.
  3540 | D:5      | 3540 ||| INVOKING Heroism.
  3545 | D:5      | Reached skill level 1 in Dodging
  3545 | D:5      | Reached XP level 7. HP: 32/43 MP: 4/7
  3635 | D:5      | 3635 ||| Stepping ~*~*~tactically~*~*~ (stealth).
  3638 | D:5      | 3638 ||| Stepping ~*~*~tactically~*~*~ (stealth).
  3639 | D:5      | 3639 ||| Stepping ~*~*~tactically~*~*~ (stealth).
  3641 | D:5      | 3641 ||| INVOKING Heroism.
  3738 | D:5      | 3738 ||| Stepping ~*~*~tactically~*~*~ (stealth).
  3890 | D:5      | Found an iron altar of Okawaru.
  3890 | D:5      | Found a burning altar of Makhleb.
  3890 | D:5      | Found a snail-covered altar of Cheibriados.
  4141 | D:5      | 4141 ||| INVOKING Heroism.
  4151 | D:5      | Reached skill level 3 in Invocations
  4180 | D:5      | 4180 ||| UPGRADING to +0 helmet.
  4185 | D:5      | 4185 ||| UPGRADING to +6 ring of strength.
  4187 | D:5      | 4187 ||| DROPPING ring of willpower.
  4188 | D:5      | 4188 ||| DRINKING 2 smoky yellow potions.
  4188 | D:5      | Gained mutation: You are partially covered in iridescent
                  | scales. (AC +2) [potion of mutation]
  4188 | D:5      | Gained mutation: You are occasionally teleported next to
                  | monsters. [potion of mutation]
  4188 | D:5      | Gained mutation: You expend magic power (3 MP) to
                  | strengthen your wands. [potion of mutation]
  4188 | D:5      | Gained mutation: Your large and strong wings let you fly.
                  | [potion of mutation]
  4189 | D:5      | 4189 ||| DRINKING potion of mutation.
  4189 | D:5      | Lost mutation: Your large and strong wings let you fly.
                  | [potion of mutation]
  4189 | D:5      | Lost mutation: You are partially covered in iridescent
                  | scales. (AC +2) [potion of mutation]
  4189 | D:5      | Gained mutation: Your magical capacity is low. (-10% MP)
                  | [potion of mutation]
  4189 | D:5      | Gained mutation: You sometimes lose your temper in combat.
                  | [potion of mutation]
  4189 | D:5      | Gained mutation: You occasionally shout uncontrollably at
                  | your foes. [potion of mutation]
  4190 | D:5      | 4190 ||| READING 2 scrolls of identify.
  4190 | D:5      | 4190 ||| IDENTIFYING black potion
  4312 | D:6      | Reached ** piety under Okawaru
  4332 | D:6      | Noticed Sigmund
  4333 | D:6      | 4333 ||| INVOKING Heroism.
  4340 | D:6      | 4340 ||| Stepping ~*~*~tactically~*~*~ (stealth).
  4343 | D:6      | Identified the +8 chain mail of Wuyrghemm {Harm Int+2
                  | Stlth+}
  4347 | D:6      | Killed Sigmund
  4348 | D:6      | Reached XP level 8. HP: 37/48 MP: 7/10
  4409 | D:6      | Reached skill level 5 in Fighting
  4589 | D:6      | Found an ancient bone altar of Kikubaaqudgha.
  4600 | D:6      | 4600 ||| Stepping ~*~*~tactically~*~*~ (stealth).
  4673 | D:6      | Found a runed translucent door.
  4674 | D:6      | Noticed Crazy Yiuf
  4745 | D:6      | Noticed Pikel
  4746 | D:6      | 4746 ||| INVOKING Heroism.
  4759 | D:6      | Killed Pikel
  4759 | D:6      | Reached *** piety under Okawaru
  4760 | D:6      | Reached skill level 9 in Axes
  4760 | D:6      | Reached XP level 9. HP: 52/54 MP: 9/11
  4771 | D:6      | 4771 ||| Stepping ~*~*~tactically~*~*~ (stealth).
  4780 | D:6      | 4780 ||| DROPPING +0 whip.
  4972 | D:6      | 4972 ||| INVOKING Heroism.
  5056 | D:6      | 5056 ||| UPGRADING to +0 cloak.
  5113 | D:7      | Found a bloodstained altar of Trog.
  5138 | D:7      | Reached skill level 6 in Fighting
  5192 | D:7      | Found a staircase to the Ecumenical Temple.
  5547 | D:7      | 5547 ||| INVOKING Heroism.
  5680 | D:7      | 5680 ||| DROPPING +2 whip of freezing.
  5804 | D:7      | 5804 ||| READING scroll labelled YNU NAITZUEDE.
  5805 | D:7      | 5805 ||| READING 4 scrolls of identify.
  5805 | D:7      | 5805 ||| IDENTIFYING metallic sapphire potion
  5806 | D:7      | 5806 ||| DROPPING potion of ambrosia.
  5857 | D:8      | 5857 ||| INVOKING Heroism.
  5874 | D:8      | Reached **** piety under Okawaru
  5919 | D:8      | 5919 ||| FLEEEEING.
  5977 | D:8      | Noticed a two-headed ogre
  5978 | D:8      | 5978 ||| INVOKING Heroism.
  5989 | D:8      | Killed a two-headed ogre
  5990 | D:8      | Reached skill level 8 in Fighting
  5990 | D:8      | Reached XP level 10. HP: 34/65 MP: 10/11
  5996 | D:8      | 5996 ||| FLEEEEING.
  5997 | D:8      | 5997 ||| FLEEEEING.
  5998 | D:8      | 5998 ||| FLEEEEING.
  5999 | D:8      | 5999 ||| FLEEEEING.
  6000 | D:8      | 6000 ||| FLEEEEING.
  6001 | D:8      | 6001 ||| FLEEEEING.
  6002 | D:8      | 6002 ||| FLEEEEING.
  6003 | D:8      | 6003 ||| FLEEEEING.
  6004 | D:8      | 6004 ||| FLEEEEING.
  6007 | D:8      | 6007 ||| FLEEEEING.
  6008 | D:8      | 6008 ||| STAIRDANCE
  6156 | D:8      | 6156 ||| SWAPPING to +1 war axe of freezing.
  6157 | D:8      | 6157 ||| DROPPING +3 war axe.
  6166 | D:8      | 6166 ||| Stepping ~*~*~tactically~*~*~ (stealth).
  6264 | D:8      | 6264 ||| FLEEEEING.
  6265 | D:8      | 6265 ||| FLEEEEING.
  6266 | D:8      | 6266 ||| FLEEEEING.
  6272 | D:8      | Found a shimmering altar of Xom.
  6394 | D:8      | 6394 ||| INVOKING Heroism.
  6481 | D:8      | 6481 ||| UPGRADING to +0 pair of gloves.
  6534 | D:9      | Noticed Grum
  6535 | D:9      | 6535 ||| INVOKING Heroism.
  6548 | D:9      | Reached ***** piety under Okawaru
  6549 | D:9      | Reached skill level 6 in Invocations
  6549 | D:9      | 6549 ||| INVOKING Finesse.
  6550 | D:9      | 6550 ||| INVOKING Finesse.
  6652 | D:9      | 6652 ||| Stepping ~*~*~tactically~*~*~ (stealth).
  6653 | D:9      | 6653 ||| INVOKING Heroism.
  6660 | D:9      | Killed Grum
  6745 | D:9      | 6745 ||| INVOKING Heroism.
  6746 | D:9      | 6746 ||| Stepping ~*~*~tactically~*~*~ (hiding).
  6764 | D:9      | 6764 ||| INVOKING Heroism.
  6780 | D:9      | Reached skill level 6 in Armour
  6785 | D:9      | 6785 ||| INVOKING Heroism.
  6897 | D:9      | 6897 ||| FLEEEEING.
  6914 | D:9      | 6914 ||| FLEEEEING.
  6915 | D:9      | 6915 ||| FLEEEEING.
  6959 | D:9      | 6959 ||| Stepping ~*~*~tactically~*~*~ (stealth).
  6960 | D:9      | 6960 ||| Stepping ~*~*~tactically~*~*~ (stealth).
  7136 | D:9      | 7136 ||| SWAPPING to +0 broad axe.
  7137 | D:9      | 7137 ||| DROPPING +1 war axe of freezing.
  7350 | D:9      | Found a staircase to the Lair.
  7402 | D:9      | 7402 ||| INVOKING Heroism.
  7404 | D:9      | Reached skill level 1 in Throwing
  7884 | D:9      | 7884 ||| PLANNING LAIR
  7884 | D:9      | 7884 ||| UPGRADING to +0 plate armour.
  7894 | D:9      | 7894 ||| DROPPING +0 chain mail.
  7895 | D:9      | 7895 ||| READING scroll labelled OZUERCH SUMEAJI.
  7896 | D:9      | 7896 ||| READING 4 scrolls of identify.
  7896 | D:9      | 7896 ||| IDENTIFYING bubbling amethyst potion
  7948 | Lair:1   | Entered Level 1 of the Lair of Beasts
  7962 | Lair:1   | Reached XP level 11. HP: 69/69 MP: 15/15
  8150 | Lair:1   | 8150 ||| INVOKING Heroism.
  8178 | Lair:1   | 8178 ||| Stepping ~*~*~tactically~*~*~ (stealth).
  8195 | Lair:1   | Reached skill level 9 in Invocations
  8454 | Lair:1   | Noticed a death yak
  8455 | Lair:1   | 8455 ||| INVOKING Heroism.
  8456 | Lair:1   | 8456 ||| INVOKING Finesse.
  8461 | Lair:1   | Received a gift from Okawaru
  8469 | Lair:1   | Killed a death yak
  8747 | Lair:1   | 8747 ||| DRINKING potion of mutation.
  8747 | Lair:1   | Lost mutation: You expend magic power (3 MP) to strengthen
                  | your wands. [potion of mutation]
  8747 | Lair:1   | Lost mutation: You occasionally shout uncontrollably at
                  | your foes. [potion of mutation]
  8747 | Lair:1   | Gained mutation: You have a pair of small horns on your
                  | head. [potion of mutation]
  8747 | Lair:1   | Gained mutation: Your large and strong wings let you fly.
                  | [potion of mutation]
  8898 | Lair:1   | Found a runed translucent gate.
  8900 | Lair:1   | Found a runed translucent gate.
  8901 | Lair:1   | Found a runed translucent gate.
  8901 | Lair:1   | Noticed qw's ghost (journeyman GrFi)
  8905 | Lair:1   | Found a viscous altar of Jiyva.
  9337 | Lair:1   | 9337 ||| DROPPING +0 helmet.
  9338 | Lair:1   | 9338 ||| READING scroll labelled XIKHONYPN.
  9478 | Lair:2   | 9478 ||| INVOKING Heroism.
  9500 | Lair:2   | 9500 ||| Stepping ~*~*~tactically~*~*~ (stealth).
  9501 | Lair:2   | 9501 ||| Stepping ~*~*~tactically~*~*~ (stealth).
  9502 | Lair:2   | 9502 ||| Stepping ~*~*~tactically~*~*~ (stealth).
  9507 | Lair:2   | 9507 ||| Stepping ~*~*~tactically~*~*~ (stealth).
  9529 | Lair:2   | 9529 ||| DRINKING potion of mutation.
  9529 | Lair:2   | Lost mutation: Your magical capacity is low. (-10% MP)
                  | [potion of mutation]
  9529 | Lair:2   | Lost mutation: You sometimes lose your temper in combat.
                  | [potion of mutation]
  9529 | Lair:2   | Lost mutation: You have a pair of small horns on your head.
                  | [potion of mutation]
  9529 | Lair:2   | Gained mutation: Your spells are a little easier to cast,
                  | but a little less powerful. [potion of mutation]
  9529 | Lair:2   | Lost mutation: Your spells are a little easier to cast, but
                  | a little less powerful. [potion of mutation]
  9529 | Lair:2   | Gained mutation: You have a pair of small horns on your
                  | head. [potion of mutation]
  9529 | Lair:2   | Gained mutation: You are robust. (+10% HP) [potion of
                  | mutation]
  9572 | Lair:2   | 9572 ||| INVOKING Heroism.
  9642 | Lair:2   | 9642 ||| Stepping ~*~*~tactically~*~*~ (stealth).
  9651 | Lair:2   | Received a gift from Okawaru
  9655 | Lair:2   | 9655 ||| INVOKING Heroism.
  9658 | Lair:2   | Received a gift from Okawaru
  9722 | Lair:2   | 9722 ||| Stepping ~*~*~tactically~*~*~ (stealth).
  9723 | Lair:2   | 9723 ||| Stepping ~*~*~tactically~*~*~ (stealth).
  9758 | Lair:2   | 9758 ||| READING scroll of enchant weapon.
  9758 | Lair:2   | 9758 ||| ENCHANTING +0 broad axe of draining.
  9890 | Lair:2   | 9890 ||| INVOKING Heroism.
  9897 | Lair:2   | Reached skill level 9 in Fighting
  9925 | Lair:2   | 9925 ||| INVOKING Heroism.
 10061 | Lair:2   | Identified the +4 mace of Magnificence {flame, Fragile rN++
                  | Will+ rCorr}
 10213 | Lair:2   | 10213 ||| INVOKING Heroism.
 10220 | Lair:2   | Reached XP level 12. HP: 71/83 MP: 17/19
 10367 | Lair:2   | 10367 ||| READING 4 scrolls of identify.
 10367 | Lair:2   | 10367 ||| IDENTIFYING smoky dark potion
 10442 | Lair:3   | 10442 ||| Stepping ~*~*~tactically~*~*~ (hiding).
 10520 | Lair:3   | Noticed a skyshark
 10521 | Lair:3   | 10521 ||| Stepping ~*~*~tactically~*~*~ (stealth).
 10523 | Lair:3   | 10523 ||| Stepping ~*~*~tactically~*~*~ (stealth).
 10529 | Lair:3   | Killed a skyshark
 10546 | Lair:3   | 10546 ||| INVOKING Heroism.
 10550 | Lair:3   | Reached skill level 12 in Axes
 10784 | Lair:3   | 10784 ||| Stepping ~*~*~tactically~*~*~ (hiding).
 10786 | Lair:3   | 10786 ||| Stepping ~*~*~tactically~*~*~ (hiding).
 10792 | Lair:3   | Received a gift from Okawaru
 10818 | Lair:3   | 10818 ||| DROPPING +0 broad axe of electrocution.
 10823 | Lair:3   | Found a staircase to the Swamp.
 10830 | Lair:3   | 10830 ||| INVOKING Heroism.
 10839 | Lair:3   | Reached skill level 9 in Armour
 11028 | Lair:3   | Reached skill level 6 in Shields
 11333 | Lair:3   | 11333 ||| Stepping ~*~*~tactically~*~*~ (hiding).
 11337 | Lair:3   | Found a staircase to the Snake Pit.
 11345 | Lair:3   | 11345 ||| INVOKING Heroism.
 11347 | Lair:3   | Reached skill level 10 in Fighting
 11635 | Lair:3   | Found a basalt altar of Yredelemnul.
 12009 | Lair:4   | 12009 ||| Stepping ~*~*~tactically~*~*~ (stealth).
 12098 | Lair:4   | 12098 ||| Stepping ~*~*~tactically~*~*~ (stealth).
 12100 | Lair:4   | 12100 ||| INVOKING Heroism.
 12155 | Lair:4   | Noticed Kirke
 12156 | Lair:4   | 12156 ||| INVOKING Heroism.
 12157 | Lair:4   | 12157 ||| INVOKING Finesse.
 12159 | Lair:4   | Noticed a skyshark
 12169 | Lair:4   | Killed Kirke
 12172 | Lair:4   | Killed a skyshark
 12472 | Lair:4   | 12472 ||| Stepping ~*~*~tactically~*~*~ (stealth).
 12490 | Lair:4   | Received a gift from Okawaru
 12491 | Lair:4   | Reached XP level 13. HP: 85/90 MP: 20/20
 12707 | Lair:4   | 12707 ||| READING scroll labelled GIMUNA LERIORU.
 12760 | Lair:4   | 12760 ||| READING scroll labelled ROSOUQ DUEF.
 12804 | Lair:5   | Entered Level 5 of the Lair of Beasts
 12818 | Lair:5   | 12818 ||| INVOKING Heroism.
 12842 | Lair:5   | 12842 ||| INVOKING Finesse.
 12843 | Lair:5   | 12843 ||| Stepping ~*~*~tactically~*~*~ (stealth).
 12846 | Lair:5   | 12846 ||| Stepping ~*~*~tactically~*~*~ (stealth).
 12847 | Lair:5   | 12847 ||| Stepping ~*~*~tactically~*~*~ (stealth).
 12872 | Lair:5   | 12872 ||| INVOKING Heroism.
 12887 | Lair:5   | 12887 ||| SWAPPING to +0 flail.
 12901 | Lair:5   | 12901 ||| INVOKING Finesse.
 12908 | Lair:5   | 12908 ||| SWAPPING to +1 broad axe of freezing.
 12981 | Lair:5   | 12981 ||| INVOKING Heroism.
 12989 | Lair:5   | Received a gift from Okawaru
 13034 | Lair:5   | 13034 ||| DROPPING +1 broad axe of draining.
 13039 | Lair:5   | Found a staircase to the Slime Pits.
 13114 | Lair:5   | 13114 ||| Stepping ~*~*~tactically~*~*~ (stealth).
 13130 | Lair:5   | 13130 ||| INVOKING Heroism.
 13198 | Lair:5   | 13198 ||| Stepping ~*~*~tactically~*~*~ (stealth).
 13200 | Lair:5   | 13200 ||| Stepping ~*~*~tactically~*~*~ (stealth).
 13210 | Lair:5   | 13210 ||| INVOKING Heroism.
 13318 | Lair:5   | 13318 ||| INVOKING Heroism.
 13319 | Lair:5   | 13319 ||| INVOKING Finesse.
 13400 | Lair:5   | 13400 ||| INVOKING Heroism.
 13401 | Lair:5   | 13401 ||| INVOKING Finesse.
 13418 | Lair:5   | Reached skill level 11 in Fighting
 13436 | Lair:5   | Received a gift from Okawaru
 13442 | Lair:5   | 13442 ||| Stepping ~*~*~tactically~*~*~ (stealth).
 13582 | Lair:5   | 13582 ||| INVOKING Heroism.
 13786 | Lair:5   | 13786 ||| INVOKING Heroism.
 13787 | Lair:5   | 13787 ||| INVOKING Finesse.
 13803 | Lair:5   | 13803 ||| SWAPPING to +0 flail.
 13812 | Lair:5   | 13812 ||| SWAPPING to +1 broad axe of freezing.
 13824 | Lair:5   | Received a gift from Okawaru
 13928 | Lair:5   | 13928 ||| INVOKING Heroism.
 13980 | Lair:5   | Reached skill level 15 in Axes
 13990 | Lair:5   | Mutation became permanent: Your large and strong wings let
                  | you fly. [Gargoyle growth]
 13990 | Lair:5   | Gained mutation: Your large and strong wings let you fly.
                  | [Gargoyle growth]
 13990 | Lair:5   | Reached XP level 14. HP: 71/99 MP: 21/21
 14038 | Lair:5   | 14038 ||| FLEEEEING.
 14192 | Lair:4   | 14192 ||| Stepping ~*~*~tactically~*~*~ (hiding).
 14197 | Lair:4   | 14197 ||| INVOKING Heroism.
 14198 | Lair:4   | 14198 ||| INVOKING Finesse.
 14501 | Lair:5   | 14501 ||| INVOKING Heroism.
 14644 | Lair:5   | 14644 ||| INVOKING Heroism.
 14645 | Lair:5   | 14645 ||| INVOKING Finesse.
 14652 | Lair:5   | Reached skill level 12 in Fighting
 14658 | Lair:5   | 14658 ||| SWAPPING to +0 flail.
 14667 | Lair:5   | 14667 ||| SWAPPING to +1 broad axe of freezing.
 15042 | Lair:5   | Reached skill level 3 in Throwing
 15217 | Lair:5   | 15217 ||| PLANNING D:1-11
 15217 | Lair:5   | 15217 ||| DROPPING amulet of guardian spirit.
 15336 | D:10     | Entered Level 10 of the Dungeon
 15374 | D:10     | 15374 ||| Stepping ~*~*~tactically~*~*~ (hiding).
 15380 | D:10     | Found a staircase to the Orcish Mines.
 15667 | D:10     | 15667 ||| Stepping ~*~*~tactically~*~*~ (hiding).
 15684 | D:10     | Received a gift from Okawaru
 15696 | D:10     | 15696 ||| Stepping ~*~*~tactically~*~*~ (stealth).
 15798 | D:10     | 15798 ||| READING scroll of enchant weapon.
 15798 | D:10     | 15798 ||| ENCHANTING +1 broad axe of freezing.
 15831 | D:10     | 15831 ||| Stepping ~*~*~tactically~*~*~ (stealth).
 15832 | D:10     | 15832 ||| Stepping ~*~*~tactically~*~*~ (stealth).
 15834 | D:10     | 15834 ||| Stepping ~*~*~tactically~*~*~ (stealth).
 15881 | D:10     | Found a runed translucent gate.
 15881 | D:10     | Found a runed translucent gate.
 15882 | D:10     | Found a runed translucent gate.
 15882 | D:10     | Noticed qw's ghost (journeyman GrFi)
 15990 | D:10     | Received a gift from Okawaru
 16076 | D:10     | 16076 ||| DROPPING +8 chain mail of Wuyrghemm {Harm Int+2
                  | Stlth+}.
 16077 | D:10     | 16077 ||| UPGRADING to +0 crystal plate armour.
 16087 | D:10     | 16087 ||| DROPPING +0 plate armour.
 16088 | D:10     | 16088 ||| DROPPING scarf of shadows.
 16089 | D:10     | 16089 ||| READING scroll labelled ZUQEK ZUMUFFI.
 16090 | D:10     | 16090 ||| READING 7 scrolls of identify.
 16090 | D:10     | 16090 ||| IDENTIFYING fuming cyan potion
 16114 | D:11     | 16114 ||| PLANNING GAUNTLET
 16132 | D:11     | Found a gate leading to a gauntlet.
 16140 | Gauntlet | Entered a Gauntlet
 16140 | Gauntlet | Found a transporter.
 16140 | Gauntlet | Found a transporter.
 16141 | Gauntlet | Found a transporter.
 16144 | Gauntlet | Found a transporter.
 16144 | Gauntlet | Found a transporter.
 16156 | Gauntlet | Found a transporter.
 16169 | Gauntlet | Found a transporter.
 16177 | Gauntlet | Found a transporter.
 16195 | Gauntlet | Found a transporter.
 16202 | Gauntlet | Found a transporter.
 16219 | Gauntlet | Found a transporter.
 16271 | Gauntlet | Found a transporter.
 16384 | Gauntlet | 16384 ||| READING 6 scrolls of identify.
 16384 | Gauntlet | 16384 ||| IDENTIFYING metallic cyan potion
 16402 | Gauntlet | 16402 ||| INVOKING Heroism.
 16583 | Gauntlet | Identified the +2 pair of gloves "Earthly Heaven" {Str+4}
 16585 | Gauntlet | 16585 ||| UPGRADING to +2 pair of gloves "Earthly Heaven"
                  | {Str+4}.
 16595 | Gauntlet | 16595 ||| DROPPING +0 pair of gloves.
 16622 | Gauntlet | 16622 ||| Stepping ~*~*~tactically~*~*~ (hiding).
 16625 | Gauntlet | 16625 ||| INVOKING Heroism.
 16626 | Gauntlet | 16626 ||| INVOKING Finesse.
 16689 | Gauntlet | Identified the +2 ring mail of the Equator {*Slow rElec
                  | rPois Regen+ Str+3}
 16691 | Gauntlet | 16691 ||| UPGRADING to +2 buckler of fire resistance.
 16701 | Gauntlet | 16701 ||| DROPPING +0 buckler.
 16702 | Gauntlet | 16702 ||| DROPPING +1 pair of gloves of dexterity.
 16703 | Gauntlet | 16703 ||| DROPPING ring of wizardry.
 16707 | D:11     | 16707 ||| PLANNING D:1-11
 16754 | D:11     | 16754 ||| FLEEEEING.
 16755 | D:11     | 16755 ||| FLEEEEING.
 16756 | D:11     | 16756 ||| FLEEEEING.
 16804 | D:11     | 16804 ||| Stepping ~*~*~tactically~*~*~ (stealth).
 16867 | D:11     | Reached skill level 12 in Armour
 16964 | D:11     | 16964 ||| Stepping ~*~*~tactically~*~*~ (stealth).
 17084 | D:11     | 17084 ||| DROPPING +0 flail.
 17284 | D:11     | Noticed Lodul
 17296 | D:11     | Killed Lodul
 17342 | D:11     | 17342 ||| Stepping ~*~*~tactically~*~*~ (stealth).
 17344 | D:11     | 17344 ||| Stepping ~*~*~tactically~*~*~ (hiding).
 18041 | D:11     | 18041 ||| PLANNING D
 18041 | D:11     | 18041 ||| DROPPING +6 ring of intelligence.
 18042 | D:11     | 18042 ||| READING scroll labelled JAHONW MALU.
 18249 | D:12     | Noticed Gastronok
 18250 | D:12     | 18250 ||| Stepping ~*~*~tactically~*~*~ (hiding).
 18267 | D:12     | Killed Gastronok
 18346 | D:12     | Noticed Maurice
 18353 | D:12     | Killed Maurice
 18366 | D:12     | 18366 ||| Stepping ~*~*~tactically~*~*~ (hiding).
 18368 | D:12     | 18368 ||| Stepping ~*~*~tactically~*~*~ (hiding).
 18420 | D:12     | 18420 ||| Stepping ~*~*~tactically~*~*~ (hiding).
 18470 | D:12     | 18470 ||| Stepping ~*~*~tactically~*~*~ (hiding).
 18694 | D:12     | 18694 ||| UPGRADING to +1 hat.
 18699 | D:12     | 18699 ||| READING scroll labelled WON LO SYHON.
 18700 | D:12     | 18700 ||| READING 2 scrolls labelled GEGYIZ WAANODWA.
 18701 | D:12     | 18701 ||| READING scroll of enchant armour.
 18701 | D:12     | 18701 ||| ENCHANTING +0 crystal plate armour.
 18702 | D:12     | 18702 ||| READING 8 scrolls of identify.
 18702 | D:12     | 18702 ||| IDENTIFYING bubbling blue potion
 18703 | D:12     | 18703 ||| DROPPING potion of brilliance.
 18725 | D:13     | Identified the +0 hat "Vuweot" {rPois Regen+ Slay+3}
                  | (Okawaru gifted it to you on level 13 of the Dungeon)
 18725 | D:13     | Received a gift from Okawaru
 18775 | D:13     | Reached XP level 15. HP: 103/105 MP: 22/22
 18777 | D:13     | 18777 ||| INVOKING Heroism.
 19488 | D:13     | 19488 ||| UPGRADING to +0 hat "Vuweot" {rPois Regen+
                  | Slay+3}.
 19498 | D:13     | 19498 ||| DROPPING +1 hat.
 19576 | D:14     | Found a gate to the Vaults.
 19578 | D:14     | 19578 ||| INVOKING Heroism.
 19635 | D:14     | 19635 ||| FLEEEEING.
 19636 | D:14     | 19636 ||| FLEEEEING.
 19637 | D:14     | 19637 ||| FLEEEEING.
 19638 | D:14     | 19638 ||| FLEEEEING.
 19639 | D:14     | 19639 ||| FLEEEEING.
 19640 | D:14     | 19640 ||| FLEEEEING.
 19641 | D:14     | 19641 ||| FLEEEEING.
 19643 | D:14     | 19643 ||| FLEEEEING.
 19645 | D:14     | 19645 ||| FLEEEEING.
 19647 | D:14     | 19647 ||| INVOKING Heroism.
 19840 | D:14     | Noticed Roxanne
 19841 | D:14     | 19841 ||| INVOKING Heroism.
 19842 | D:14     | 19842 ||| INVOKING Finesse.
 19862 | D:14     | Killed Roxanne
 19929 | D:14     | 19929 ||| Stepping ~*~*~tactically~*~*~ (stealth).
 19935 | D:14     | 19935 ||| Stepping ~*~*~tactically~*~*~ (hiding).
 19946 | D:14     | 19946 ||| Stepping ~*~*~tactically~*~*~ (stealth).
 20055 | D:14     | 20055 ||| Stepping ~*~*~tactically~*~*~ (hiding).
 20080 | D:14     | Found a blossoming altar of Fedhas.
 20154 | D:14     | Found a runed translucent door.
 20154 | D:14     | Noticed Wopp's ghost (journeyman GrEE)
 20219 | D:14     | 20219 ||| UPGRADING to +1 pair of boots.
 20229 | D:14     | 20229 ||| DROPPING +0 pair of boots.
 20247 | D:15     | Entered Level 15 of the Dungeon
 20262 | D:15     | 20262 ||| FLEEEEING.
 20263 | D:15     | 20263 ||| FLEEEEING.
 20264 | D:15     | 20264 ||| FLEEEEING.
 20265 | D:15     | 20265 ||| STAIRDANCE
 20404 | D:15     | 20404 ||| INVOKING Heroism.
 20423 | D:15     | Reached skill level 3 in Dodging
 20443 | D:15     | 20443 ||| Stepping ~*~*~tactically~*~*~ (hiding).
 20444 | D:15     | 20444 ||| Stepping ~*~*~tactically~*~*~ (hiding).
 20457 | D:15     | Found a staircase to the Depths.
 20458 | D:15     | 20458 ||| INVOKING Heroism.
 20483 | D:15     | Received a gift from Okawaru
 20517 | D:15     | 20517 ||| Stepping ~*~*~tactically~*~*~ (hiding).
 20518 | D:15     | 20518 ||| Stepping ~*~*~tactically~*~*~ (hiding).
 20519 | D:15     | 20519 ||| Stepping ~*~*~tactically~*~*~ (hiding).
 20520 | D:15     | 20520 ||| Stepping ~*~*~tactically~*~*~ (hiding).
 20553 | D:15     | 20553 ||| Stepping ~*~*~tactically~*~*~ (stealth).
 20555 | D:15     | 20555 ||| Stepping ~*~*~tactically~*~*~ (stealth).
 20594 | D:15     | 20594 ||| Stepping ~*~*~tactically~*~*~ (hiding).
 20601 | D:15     | 20601 ||| INVOKING Heroism.
 20654 | D:15     | 20654 ||| Stepping ~*~*~tactically~*~*~ (stealth).
 20655 | D:15     | 20655 ||| Stepping ~*~*~tactically~*~*~ (stealth).
 20664 | D:15     | 20664 ||| Stepping ~*~*~tactically~*~*~ (stealth).
 20670 | D:15     | Received a gift from Okawaru
 20674 | D:15     | 20674 ||| Stepping ~*~*~tactically~*~*~ (stealth).
 20868 | D:15     | 20868 ||| Stepping ~*~*~tactically~*~*~ (stealth).
 20875 | D:15     | Received a gift from Okawaru
 21083 | D:15     | 21083 ||| PLANNING ORC
 21187 | Orc:1    | Entered Level 1 of the Orcish Mines
 21201 | Orc:1    | 21201 ||| INVOKING Heroism.
 21226 | Orc:1    | 21226 ||| DROPPING +1 flail of venom.
 21385 | Orc:2    | Entered Level 2 of the Orcish Mines
 21398 | Orc:2    | 21398 ||| Stepping ~*~*~tactically~*~*~ (stealth).
 21421 | Orc:2    | Received a gift from Okawaru
 21425 | Orc:2    | 21425 ||| Stepping ~*~*~tactically~*~*~ (hiding).
 21461 | Orc:2    | 21461 ||| Stepping ~*~*~tactically~*~*~ (hiding).
 21467 | Orc:2    | 21467 ||| INVOKING Heroism.
 21493 | Orc:2    | 21493 ||| Stepping ~*~*~tactically~*~*~ (stealth).
 21504 | Orc:2    | 21504 ||| INVOKING Heroism.
 21527 | Orc:2    | Noticed an orc warlord
 21528 | Orc:2    | 21528 ||| INVOKING Finesse.
 21528 | Orc:2    | Noticed Blork the orc
 21538 | Orc:2    | Found a staircase to the Elven Halls.
 21547 | Orc:2    | Killed Blork the orc
 21550 | Orc:2    | Killed an orc warlord
 21550 | Orc:2    | Received a gift from Okawaru
 21552 | Orc:2    | 21552 ||| INVOKING Heroism.
 21559 | Orc:2    | Noticed an orc warlord
 21570 | Orc:2    | Reached skill level 13 in Fighting
 21585 | Orc:2    | Killed an orc warlord
 21586 | Orc:2    | Reached XP level 16. HP: 78/114 MP: 19/23
 21624 | Orc:2    | Found Lolifuh's Antique Armour Emporium.
 21657 | Orc:1    | 21657 ||| Stepping ~*~*~tactically~*~*~ (hiding).
 21766 | Orc:1    | Noticed Jorgrun
 21767 | Orc:1    | 21767 ||| INVOKING Heroism.
 21768 | Orc:1    | 21768 ||| INVOKING Finesse.
 21776 | Orc:1    | Killed Jorgrun
 21828 | Orc:1    | Noticed Snorg
 21831 | Orc:1    | 21831 ||| INVOKING Heroism.
 21837 | Orc:1    | Killed Snorg
 22053 | Orc:2    | 22053 ||| FLEEEEING.
 22054 | Orc:2    | 22054 ||| FLEEEEING.
 22055 | Orc:2    | 22055 ||| FLEEEEING.
 22137 | Orc:2    | Found Emmifar's Book Emporium.
 22150 | Orc:2    | 22150 ||| BUYING glowing hat (182 gold).
 22150 | Orc:2    | Bought a glowing hat for 182 gold pieces
 22150 | Orc:2    | 22150 ||| BUYING pair of embroidered boots (195 gold).
 22150 | Orc:2    | Bought a pair of embroidered boots for 195 gold pieces
 22465 | Orc:2    | Found Waw Qenyxza's General Store.
 22472 | Orc:2    | 22472 ||| BUYING potion of attraction (48 gold).
 22472 | Orc:2    | Bought a potion of attraction for 48 gold pieces
 22472 | Orc:2    | 22472 ||| BUYING potion of heal wounds (80 gold).
 22472 | Orc:2    | Bought a potion of heal wounds for 80 gold pieces
 22481 | Orc:2    | Found Fiujil's Antique Weapon Emporium.
 22488 | Orc:2    | 22488 ||| PLANNING SWAMP:1-3
 22488 | Orc:2    | 22488 ||| DROPPING +2 hat of intelligence.
 22489 | Orc:2    | 22489 ||| DROPPING +1 pair of boots of flying.
 22642 | Swamp:1  | Entered Level 1 of the Swamp
 22643 | Swamp:1  | 22643 ||| INVOKING Heroism.
 22655 | Swamp:1  | Reached skill level 15 in Armour
 22661 | Swamp:1  | Received a gift from Okawaru
 22697 | Swamp:1  | 22697 ||| Stepping ~*~*~tactically~*~*~ (hiding).
 22717 | Swamp:1  | 22717 ||| Stepping ~*~*~tactically~*~*~ (stealth).
 22718 | Swamp:1  | 22718 ||| Stepping ~*~*~tactically~*~*~ (stealth).
 22721 | Swamp:1  | 22721 ||| INVOKING Heroism.
 22818 | Swamp:1  | 22818 ||| DRINKING potion of mutation.
 22818 | Swamp:1  | Lost mutation: You have a pair of small horns on your head.
                  | [potion of mutation]
 22818 | Swamp:1  | Lost mutation: You are occasionally teleported next to
                  | monsters. [potion of mutation]
 22818 | Swamp:1  | Lost mutation: You are robust. (+10% HP) [potion of
                  | mutation]
 22818 | Swamp:1  | Gained mutation: You are partially covered in iridescent
                  | scales. (AC +2) [potion of mutation]
 22818 | Swamp:1  | Gained mutation: You are weak. (Str -2) [potion of
                  | mutation]
 22818 | Swamp:1  | Gained mutation: Your mind is acute. (Int +4, Str/Dex -1)
                  | [potion of mutation]
 22828 | Swamp:1  | 22828 ||| INVOKING Heroism.
 22837 | Swamp:1  | Reached skill level 6 in Throwing
 22926 | Swamp:1  | 22926 ||| INVOKING Heroism.
 22927 | Swamp:1  | 22927 ||| INVOKING Finesse.
 22929 | Swamp:1  | 22929 ||| SWAPPING to +0 morningstar.
 22935 | Swamp:1  | 22935 ||| SWAPPING to +2 broad axe of freezing.
 23055 | Swamp:1  | 23055 ||| FLEEEEING.
 23057 | Swamp:1  | 23057 ||| INVOKING Heroism.
 23316 | Swamp:2  | 23316 ||| INVOKING Heroism.
 23321 | Swamp:2  | Received a gift from Okawaru
 23406 | Swamp:2  | 23406 ||| Stepping ~*~*~tactically~*~*~ (hiding).
 23439 | Swamp:2  | 23439 ||| INVOKING Heroism.
 23486 | Swamp:2  | 23486 ||| INVOKING Heroism.
 23533 | Swamp:2  | 23533 ||| INVOKING Heroism.
 23534 | Swamp:2  | 23534 ||| INVOKING Finesse.
 23537 | Swamp:2  | 23537 ||| SWAPPING to +0 morningstar.
 23540 | Swamp:2  | 23540 ||| SWAPPING to +2 broad axe of freezing.
 23644 | Swamp:2  | 23644 ||| Stepping ~*~*~tactically~*~*~ (stealth).
 23645 | Swamp:2  | 23645 ||| Stepping ~*~*~tactically~*~*~ (stealth).
 23649 | Swamp:2  | 23649 ||| Stepping ~*~*~tactically~*~*~ (stealth).
 23704 | Swamp:2  | Received a gift from Okawaru
 23864 | Swamp:2  | Found a frozen archway.
 24190 | Swamp:3  | 24190 ||| INVOKING Heroism.
 24198 | Swamp:3  | Reached skill level 18 in Axes
 24209 | Swamp:3  | HP: 23/104 [spriggan/+0 rapier[a spriggan druid] (5)]
 24210 | Swamp:3  | 24210 ||| READING 12 scrolls of teleportation.
 24211 | Swamp:3  | 24211 ||| DRINKING 10 potions of heal wounds.
 24211 | Swamp:3  | HP: 4/104 [tyrant leech (27)]
 24212 | Swamp:3  | 24212 ||| DRINKING 9 potions of heal wounds.
 24213 | Swamp:3  | 24213 ||| DRINKING 8 potions of heal wounds.
 24238 | Swamp:3  | 24238 ||| INVOKING Heroism.
 24282 | Swamp:3  | 24282 ||| Stepping ~*~*~tactically~*~*~ (hiding).
 24283 | Swamp:3  | 24283 ||| Stepping ~*~*~tactically~*~*~ (hiding).
 24286 | Swamp:3  | 24286 ||| INVOKING Heroism.
 24357 | Swamp:3  | 24357 ||| INVOKING Heroism.
 24379 | Swamp:3  | 24379 ||| INVOKING Heroism.
 24421 | Swamp:3  | 24421 ||| FLEEEEING.
 24422 | Swamp:3  | 24422 ||| FLEEEEING.
 24423 | Swamp:3  | 24423 ||| FLEEEEING.
 24525 | Swamp:3  | 24525 ||| INVOKING Heroism.
 24624 | Swamp:3  | 24624 ||| Stepping ~*~*~tactically~*~*~ (hiding).
 24644 | Swamp:3  | Noticed Donald
 24645 | Swamp:3  | 24645 ||| INVOKING Heroism.
 24652 | Swamp:3  | Killed Donald
 24659 | Swamp:3  | 24659 ||| DROPPING +0 morningstar.
 24684 | Swamp:3  | 24684 ||| INVOKING Heroism.
 24884 | Swamp:3  | 24884 ||| PLANNING SNAKE:1-3
 24884 | Swamp:3  | 24884 ||| UPGRADING to +0 kite shield.
 24894 | Swamp:3  | 24894 ||| DROPPING +2 buckler of fire resistance.
 24895 | Swamp:3  | 24895 ||| DRINKING 2 bubbling black potions.
 24896 | Swamp:3  | 24896 ||| DROPPING potion of degeneration.
 25013 | Snake:1  | Entered Level 1 of the Snake Pit
 25040 | Snake:1  | Reached skill level 9 in Shields
 25072 | Snake:1  | 25072 ||| INVOKING Heroism.
 25282 | Snake:1  | 25282 ||| Stepping ~*~*~tactically~*~*~ (stealth).
 25284 | Snake:1  | 25284 ||| Stepping ~*~*~tactically~*~*~ (stealth).
 25293 | Snake:1  | Reached XP level 17. HP: 95/108 MP: 24/24
 25348 | Snake:1  | 25348 ||| Stepping ~*~*~tactically~*~*~ (hiding).
 25395 | Snake:1  | Received a gift from Okawaru
 25655 | Snake:1  | 25655 ||| READING scroll of brand weapon.
 25655 | Snake:1  | 25655 ||| BRANDING +2 broad axe of freezing.
 25726 | Snake:1  | 25726 ||| DROPPING amulet of regeneration.
 25755 | Snake:2  | 25755 ||| Stepping ~*~*~tactically~*~*~ (hiding).
 25757 | Snake:2  | 25757 ||| Stepping ~*~*~tactically~*~*~ (hiding).
 25758 | Snake:2  | 25758 ||| Stepping ~*~*~tactically~*~*~ (hiding).
 25760 | Snake:2  | 25760 ||| INVOKING Heroism.
 25784 | Snake:2  | Identified the +2 helmet "Racuzo" {Int+2} (Okawaru gifted
                  | it to you on level 2 of the Snake Pit)
 25784 | Snake:2  | Received a gift from Okawaru
 25794 | Snake:2  | 25794 ||| Stepping ~*~*~tactically~*~*~ (hiding).
 25810 | Snake:2  | 25810 ||| Stepping ~*~*~tactically~*~*~ (stealth).
 25811 | Snake:2  | 25811 ||| Stepping ~*~*~tactically~*~*~ (stealth).
 25814 | Snake:2  | 25814 ||| Stepping ~*~*~tactically~*~*~ (stealth).
 25854 | Snake:2  | 25854 ||| Stepping ~*~*~tactically~*~*~ (hiding).
 25882 | Snake:2  | 25882 ||| Stepping ~*~*~tactically~*~*~ (hiding).
 25939 | Snake:2  | 25939 ||| Stepping ~*~*~tactically~*~*~ (hiding).
 26103 | Snake:2  | Noticed Louise
 26132 | Snake:2  | Killed Louise
 26133 | Snake:2  | Reached skill level 12 in Shields
 26135 | Snake:2  | 26135 ||| DROPPING +0 eveningstar.
 26200 | Snake:2  | Identified the +6 flail of Mandamus {heavy, rF- rCorr Int+2
                  | SInv Stlth+}
 26438 | Snake:2  | 26438 ||| Stepping ~*~*~tactically~*~*~ (hiding).
 26596 | Snake:2  | 26596 ||| DROPPING +2 helmet "Racuzo" {Int+2}.
 26597 | Snake:2  | 26597 ||| UPGRADING to +0 tower shield.
 26607 | Snake:2  | 26607 ||| DROPPING +0 kite shield.
 26661 | Snake:3  | 26661 ||| Stepping ~*~*~tactically~*~*~ (stealth).
 26724 | Snake:3  | 26724 ||| Stepping ~*~*~tactically~*~*~ (hiding).
 26727 | Snake:3  | 26727 ||| Stepping ~*~*~tactically~*~*~ (hiding).
 26848 | Snake:3  | 26848 ||| INVOKING Heroism.
 26973 | Snake:3  | Received a gift from Okawaru
 26977 | Snake:3  | 26977 ||| INVOKING Heroism.
 27068 | Snake:3  | Found Jifuor's Superior Scales.
 27095 | Snake:3  | 27095 ||| Stepping ~*~*~tactically~*~*~ (stealth).
 27106 | Snake:3  | 27106 ||| INVOKING Heroism.
 27121 | Snake:3  | 27121 ||| Stepping ~*~*~tactically~*~*~ (hiding).
 27122 | Snake:3  | 27122 ||| Stepping ~*~*~tactically~*~*~ (hiding).
 27123 | Snake:3  | 27123 ||| Stepping ~*~*~tactically~*~*~ (hiding).
 27125 | Snake:3  | 27125 ||| Stepping ~*~*~tactically~*~*~ (hiding).
 27126 | Snake:3  | 27126 ||| Stepping ~*~*~tactically~*~*~ (hiding).
 27133 | Snake:3  | 27133 ||| INVOKING Heroism.
 27316 | Snake:3  | 27316 ||| READING scroll of enchant weapon.
 27316 | Snake:3  | 27316 ||| ENCHANTING +2 broad axe of chaos.
 27360 | Snake:3  | 27360 ||| PLANNING SWAMP:4
 27523 | Swamp:4  | Entered Level 4 of the Swamp
 27524 | Swamp:4  | 27524 ||| INVOKING Heroism.
 27526 | Swamp:4  | 27526 ||| Stepping ~*~*~tactically~*~*~ (stealth).
 27527 | Swamp:4  | 27527 ||| SWAPPING to +5 eveningstar of draining.
 27531 | Swamp:4  | 27531 ||| SWAPPING to +3 broad axe of chaos.
 27537 | Swamp:4  | 27537 ||| Stepping ~*~*~tactically~*~*~ (cloud).
 27585 | Swamp:4  | 27585 ||| INVOKING Heroism.
 27693 | Swamp:4  | 27693 ||| INVOKING Heroism.
 27748 | Swamp:4  | 27748 ||| READING scroll of brand weapon.
 27748 | Swamp:4  | 27748 ||| BRANDING +3 broad axe of chaos.
 27770 | Swamp:4  | 27770 ||| INVOKING Heroism.
 27778 | Swamp:4  | 27778 ||| SWAPPING to +5 eveningstar of draining.
 27788 | Swamp:4  | 27788 ||| SWAPPING to +3 broad axe of draining.
 27849 | Swamp:4  | 27849 ||| Stepping ~*~*~tactically~*~*~ (hiding).
 27851 | Swamp:4  | 27851 ||| Stepping ~*~*~tactically~*~*~ (hiding).
 27852 | Swamp:4  | 27852 ||| Stepping ~*~*~tactically~*~*~ (hiding).
 27853 | Swamp:4  | 27853 ||| Stepping ~*~*~tactically~*~*~ (hiding).
 27854 | Swamp:4  | 27854 ||| Stepping ~*~*~tactically~*~*~ (hiding).
 27878 | Swamp:4  | 27878 ||| Stepping ~*~*~tactically~*~*~ (stealth).
 27881 | Swamp:4  | 27881 ||| Stepping ~*~*~tactically~*~*~ (stealth).
 27883 | Swamp:4  | 27883 ||| Stepping ~*~*~tactically~*~*~ (hiding).
 27888 | Swamp:4  | 27888 ||| INVOKING Heroism.
 27894 | Swamp:4  | 27894 ||| SWAPPING to +5 eveningstar of draining.
 27895 | Swamp:4  | 27895 ||| SWAPPING to +3 broad axe of draining.
 27900 | Swamp:4  | 27900 ||| SWAPPING to +5 eveningstar of draining.
 27904 | Swamp:4  | 27904 ||| SWAPPING to +3 broad axe of draining.
 27912 | Swamp:4  | Received a gift from Okawaru
 27913 | Swamp:4  | Reached skill level 15 in Shields
 27914 | Swamp:4  | 27914 ||| DROPPING +2 war axe of electrocution.
 28029 | Swamp:4  | 28029 ||| Stepping ~*~*~tactically~*~*~ (hiding).
 28031 | Swamp:4  | 28031 ||| Stepping ~*~*~tactically~*~*~ (hiding).
 28035 | Swamp:4  | 28035 ||| Stepping ~*~*~tactically~*~*~ (hiding).
 28056 | Swamp:4  | 28056 ||| Stepping ~*~*~tactically~*~*~ (stealth).
 28057 | Swamp:4  | 28057 ||| Stepping ~*~*~tactically~*~*~ (hiding).
 28069 | Swamp:4  | 28069 ||| Stepping ~*~*~tactically~*~*~ (hiding).
 28070 | Swamp:4  | 28070 ||| INVOKING Heroism.
 28071 | Swamp:4  | 28071 ||| Stepping ~*~*~tactically~*~*~ (stealth).
 28073 | Swamp:4  | 28073 ||| SWAPPING to +5 eveningstar of draining.
 28080 | Swamp:4  | 28080 ||| SWAPPING to +3 broad axe of draining.
 28086 | Swamp:4  | 28086 ||| SWAPPING to +5 eveningstar of draining.
 28096 | Swamp:4  | 28096 ||| SWAPPING to +3 broad axe of draining.
 28102 | Swamp:4  | 28102 ||| Stepping ~*~*~tactically~*~*~ (stealth).
 28130 | Swamp:4  | 28130 ||| Stepping ~*~*~tactically~*~*~ (stealth).
 28131 | Swamp:4  | 28131 ||| Stepping ~*~*~tactically~*~*~ (stealth).
 28137 | Swamp:4  | 28137 ||| INVOKING Heroism.
 28139 | Swamp:4  | 28139 ||| SWAPPING to +5 eveningstar of draining.
 28146 | Swamp:4  | Reached XP level 18. HP: 114/114 MP: 23/25
 28146 | Swamp:4  | 28146 ||| SWAPPING to +3 broad axe of draining.
 28150 | Swamp:4  | 28150 ||| DROPPING +6 flail of Mandamus {heavy, rF- rCorr
                  | Int+2 SInv Stlth+}.
 28151 | Swamp:4  | 28151 ||| DROPPING +4 mace of Magnificence {flame, Fragile
                  | rN++ Will+ rCorr}.
 28152 | Swamp:4  | 28152 ||| DROPPING +5 eveningstar of draining.
 28162 | Swamp:4  | 28162 ||| Stepping ~*~*~tactically~*~*~ (hiding).
 28176 | Swamp:4  | 28176 ||| Stepping ~*~*~tactically~*~*~ (stealth).
 28182 | Swamp:4  | 28182 ||| Stepping ~*~*~tactically~*~*~ (stealth).
 28183 | Swamp:4  | 28183 ||| Stepping ~*~*~tactically~*~*~ (stealth).
 28214 | Swamp:4  | 28214 ||| INVOKING Heroism.
 28264 | Swamp:4  | 28264 ||| Stepping ~*~*~tactically~*~*~ (hiding).
 28315 | Swamp:4  | 28315 ||| Stepping ~*~*~tactically~*~*~ (stealth).
 28344 | Swamp:4  | Got a decaying rune of Zot
 28524 | Swamp:4  | 28524 ||| Stepping ~*~*~tactically~*~*~ (hiding).
 28526 | Swamp:4  | 28526 ||| INVOKING Heroism.
 28535 | Swamp:4  | Identified the +0 pair of gloves of Conscience {-Tele rPois
                  | Int+3 SInv} (Okawaru gifted it to you on level 4 of the
                  | Swamp)
 28535 | Swamp:4  | Received a gift from Okawaru
 28562 | Swamp:4  | 28562 ||| PLANNING VAULTS:1-4
 28562 | Swamp:4  | 28562 ||| DROPPING +0 pair of gloves of Conscience {-Tele
                  | rPois Int+3 SInv}.
 28563 | Swamp:4  | 28563 ||| UPGRADING to +4 ring of protection.
 28565 | Swamp:4  | 28565 ||| DROPPING ring of positive energy.
 28566 | Swamp:4  | 28566 ||| READING 12 scrolls of identify.
 28566 | Swamp:4  | 28566 ||| IDENTIFYING glowing pink potion
 28567 | Swamp:4  | 28567 ||| DROPPING potion of invisibility.
 28805 | D:14     | 28805 ||| Stepping ~*~*~tactically~*~*~ (stealth).
 28806 | D:14     | 28806 ||| Stepping ~*~*~tactically~*~*~ (stealth).
 28900 | Vaults:1 | Entered Level 1 of the Vaults
 28901 | Vaults:1 | 28901 ||| PLANNING DESOLATION
 28929 | Vaults:1 | 28929 ||| INVOKING Heroism.
 28930 | Vaults:1 | 28930 ||| INVOKING Finesse.
 29038 | Vaults:1 | 29038 ||| Stepping ~*~*~tactically~*~*~ (hiding).
 29069 | Vaults:1 | 29069 ||| INVOKING Heroism.
 29129 | Vaults:1 | 29129 ||| READING scroll of enchant armour.
 29129 | Vaults:1 | 29129 ||| ENCHANTING +1 crystal plate armour.
 29175 | Vaults:1 | 29175 ||| Stepping ~*~*~tactically~*~*~ (stealth).
 29177 | Vaults:1 | 29177 ||| Stepping ~*~*~tactically~*~*~ (hiding).
 29180 | Vaults:1 | 29180 ||| INVOKING Finesse.
 29454 | Vaults:1 | Found a crumbling gateway.
 29462 | Desolati | Entered the Desolation of Salt
 29510 | Desolati | 29510 ||| Stepping ~*~*~tactically~*~*~ (stealth).
 29514 | Desolati | 29514 ||| Stepping ~*~*~tactically~*~*~ (stealth).
 29633 | Desolati | Identified the +9 falchion "Reic" {holy, rN+}
 29636 | Desolati | Identified the amulet "Zieturghy" {RegenMP rC+ Int+3 Dex+3}
 29639 | Desolati | Identified the staff of fire "Takkyoga" {rF+ Str+3}
 29736 | Desolati | 29736 ||| Stepping ~*~*~tactically~*~*~ (hiding).
 29796 | Desolati | Identified the +4 morningstar of the Grave {venom, rC-
                  | Str+4}
 29796 | Desolati | Identified the amulet "Koful" {Reflect Str+3 SH+5}
 29841 | Desolati | 29841 ||| INVOKING Heroism.
 29858 | Desolati | Reached skill level 14 in Fighting
 29862 | Desolati | Received a gift from Okawaru
 29908 | Desolati | 29908 ||| Stepping ~*~*~tactically~*~*~ (stealth).
 29911 | Desolati | 29911 ||| Stepping ~*~*~tactically~*~*~ (stealth).
 30032 | Desolati | Reached skill level 18 in Shields
 30037 | Desolati | 30037 ||| INVOKING Heroism.
 30045 | Desolati | HP: 26/116 [saltling (10)]
 30046 | Desolati | 30046 ||| READING 12 scrolls of teleportation.
 30047 | Desolati | 30047 ||| DRINKING 7 potions of heal wounds.
 30336 | Desolati | Identified the +2 leather armour of the True Pharaoh
                  | {Dex+3}
 30338 | Desolati | Identified the ring of Gorararo {Wiz Contam rC+ Will+++
                  | Int+3}
 30342 | Desolati | Identified the ring "Geatestra" {rPois rN+ Str+3 SInv
                  | Stlth+}
 30450 | Desolati | 30450 ||| DROPPING amulet of reflection.
 30451 | Desolati | 30451 ||| DROPPING ring of ice.
 30452 | Desolati | 30452 ||| UPGRADING to ring of Gorararo {Wiz Contam rC+
                  | Will+++ Int+3}.
 30454 | Desolati | 30454 ||| UPGRADING to ring "Geatestra" {rPois rN+ Str+3
                  | SInv Stlth+}.
 30481 | Vaults:1 | 30481 ||| PLANNING VAULTS:1-4
 30517 | Vaults:1 | Received a gift from Okawaru
 30812 | Vaults:1 | Reached ****** piety under Okawaru
 30841 | Vaults:1 | 30841 ||| Stepping ~*~*~tactically~*~*~ (hiding).
 30857 | Vaults:1 | Reached XP level 19. HP: 116/121 MP: 26/26
 30963 | Vaults:1 | 30963 ||| Stepping ~*~*~tactically~*~*~ (stealth).
 30965 | Vaults:1 | 30965 ||| Stepping ~*~*~tactically~*~*~ (stealth).
 30973 | Vaults:1 | Received a gift from Okawaru
 31028 | Vaults:1 | 31028 ||| INVOKING Finesse.
 31030 | Vaults:1 | 31030 ||| Stepping ~*~*~tactically~*~*~ (stealth).
 31031 | Vaults:1 | 31031 ||| Stepping ~*~*~tactically~*~*~ (stealth).
 31098 | Vaults:1 | 31098 ||| Stepping ~*~*~tactically~*~*~ (stealth).
 31102 | Vaults:1 | 31102 ||| Stepping ~*~*~tactically~*~*~ (hiding).
 31210 | Vaults:1 | 31210 ||| Stepping ~*~*~tactically~*~*~ (hiding).
 31301 | Vaults:1 | 31301 ||| INVOKING Heroism.
 31592 | Vaults:2 | Received a gift from Okawaru
 31593 | Vaults:2 | Reached skill level 15 in Fighting
 31608 | Vaults:2 | 31608 ||| INVOKING Heroism.
 31630 | Vaults:2 | Received a gift from Okawaru
 31640 | Vaults:2 | 31640 ||| Stepping ~*~*~tactically~*~*~ (stealth).
 31641 | Vaults:2 | 31641 ||| Stepping ~*~*~tactically~*~*~ (stealth).
 31693 | Vaults:2 | 31693 ||| Stepping ~*~*~tactically~*~*~ (hiding).
 31703 | Vaults:2 | 31703 ||| Stepping ~*~*~tactically~*~*~ (hiding).
 31769 | Vaults:2 | Found Beon's Weapon Emporium.
 31850 | Vaults:2 | 31850 ||| Stepping ~*~*~tactically~*~*~ (stealth).
 31852 | Vaults:2 | Noticed Sojobo
 31853 | Vaults:2 | 31853 ||| Stepping ~*~*~tactically~*~*~ (hiding).
 31859 | Vaults:2 | 31859 ||| INVOKING Heroism.
 31860 | Vaults:2 | 31860 ||| INVOKING Finesse.
 31884 | Vaults:2 | Paralysed by an air elemental for 1 turns
 31896 | Vaults:2 | Killed Sojobo
 31897 | Vaults:2 | Reached skill level 18 in Armour
 32051 | Vaults:2 | 32051 ||| FLEEEEING.
 32052 | Vaults:2 | 32052 ||| FLEEEEING.
 32053 | Vaults:2 | 32053 ||| FLEEEEING.
 32060 | Vaults:2 | Received a gift from Okawaru
 32109 | Vaults:2 | 32109 ||| Stepping ~*~*~tactically~*~*~ (stealth).
 32113 | Vaults:2 | 32113 ||| Stepping ~*~*~tactically~*~*~ (hiding).
 32120 | Vaults:2 | 32120 ||| INVOKING Heroism.
 32122 | Vaults:2 | 32122 ||| INVOKING Finesse.
 32196 | Vaults:2 | 32196 ||| Stepping ~*~*~tactically~*~*~ (hiding).
 32224 | Vaults:2 | Received a gift from Okawaru
 32247 | Vaults:2 | Noticed a bone dragon
 32266 | Vaults:2 | Killed a bone dragon
 32268 | Vaults:2 | Noticed Margery
 32269 | Vaults:2 | 32269 ||| DRINKING 3 potions of resistance.
 32270 | Vaults:2 | 32270 ||| INVOKING Heroism.
 32271 | Vaults:2 | 32271 ||| INVOKING Finesse.
 32284 | Vaults:2 | Reached skill level 9 in Throwing
 32294 | Vaults:2 | HP: 8/124 [Margery/+0 demon trident (34)]
 32294 | Vaults:2 | HP: 1/124 [ironbound convoker/+0 flail (7)]
 32295 | Vaults:2 | 32295 ||| READING 12 scrolls of teleportation.
 32296 | Vaults:2 | 32296 ||| DRINKING 6 potions of heal wounds.
 32297 | Vaults:2 | 32297 ||| DRINKING 5 potions of heal wounds.
 32435 | Vaults:2 | 32435 ||| DRINKING 2 potions of resistance.
 32436 | Vaults:2 | 32436 ||| INVOKING Heroism.
 32437 | Vaults:2 | 32437 ||| INVOKING Finesse.
 32460 | Vaults:2 | Killed Margery
 32463 | Vaults:2 | 32463 ||| Stepping ~*~*~tactically~*~*~ (stealth).
 32464 | Vaults:2 | 32464 ||| Stepping ~*~*~tactically~*~*~ (stealth).
 32475 | Vaults:2 | 32475 ||| Stepping ~*~*~tactically~*~*~ (hiding).
 32480 | Vaults:2 | 32480 ||| Stepping ~*~*~tactically~*~*~ (hiding).
 32486 | Vaults:2 | 32486 ||| Stepping ~*~*~tactically~*~*~ (hiding).
 32507 | Vaults:2 | 32507 ||| Stepping ~*~*~tactically~*~*~ (stealth).
 32509 | Vaults:2 | 32509 ||| Stepping ~*~*~tactically~*~*~ (stealth).
 32513 | Vaults:2 | 32513 ||| Stepping ~*~*~tactically~*~*~ (stealth).
 32526 | Vaults:2 | Reached XP level 20. HP: 126/130 MP: 27/27
 32624 | Vaults:2 | Found a staircase to the Crypt.
 32716 | Vaults:2 | 32716 ||| Stepping ~*~*~tactically~*~*~ (hiding).
 32717 | Vaults:2 | 32717 ||| Stepping ~*~*~tactically~*~*~ (hiding).
 32718 | Vaults:2 | 32718 ||| Stepping ~*~*~tactically~*~*~ (hiding).
 32719 | Vaults:2 | 32719 ||| Stepping ~*~*~tactically~*~*~ (hiding).
 32732 | Vaults:2 | 32732 ||| Stepping ~*~*~tactically~*~*~ (hiding).
 32733 | Vaults:2 | 32733 ||| Stepping ~*~*~tactically~*~*~ (hiding).
 32954 | Vaults:2 | Reached skill level 16 in Fighting
 32961 | Vaults:2 | 32961 ||| Stepping ~*~*~tactically~*~*~ (hiding).
 33078 | Vaults:2 | 33078 ||| UPGRADING to +2 tower shield.
 33088 | Vaults:2 | 33088 ||| DROPPING +0 tower shield.
 33102 | Vaults:3 | 33102 ||| STAIRDANCE
 33168 | Vaults:3 | 33168 ||| Stepping ~*~*~tactically~*~*~ (hiding).
 33190 | Vaults:3 | 33190 ||| Stepping ~*~*~tactically~*~*~ (hiding).
 33317 | Vaults:3 | 33317 ||| Stepping ~*~*~tactically~*~*~ (hiding).
 33320 | Vaults:3 | 33320 ||| INVOKING Heroism.
 33462 | Vaults:3 | 33462 ||| Stepping ~*~*~tactically~*~*~ (hiding).
 33476 | Vaults:3 | Noticed Frederick
 33477 | Vaults:3 | 33477 ||| INVOKING Heroism.
 33478 | Vaults:3 | 33478 ||| INVOKING Finesse.
 33488 | Vaults:3 | Killed Frederick
 33489 | Vaults:3 | 33489 ||| Stepping ~*~*~tactically~*~*~ (hiding).
 33564 | Vaults:3 | Received a gift from Okawaru
 33565 | Vaults:3 | 33565 ||| INVOKING Heroism.
 33737 | Vaults:3 | 33737 ||| Stepping ~*~*~tactically~*~*~ (hiding).
 33746 | Vaults:3 | 33746 ||| INVOKING Heroism.
 33983 | Vaults:3 | Received a gift from Okawaru
 34363 | Vaults:3 | Reached skill level 17 in Fighting
 34368 | Vaults:3 | 34368 ||| INVOKING Heroism.
 34377 | Vaults:3 | Received a gift from Okawaru
 34650 | Vaults:4 | Received a gift from Okawaru
 34730 | Vaults:4 | Found Amuoc's Distillery.
 34738 | Vaults:4 | 34738 ||| BUYING potion of attraction (60 gold).
 34738 | Vaults:4 | Bought a potion of attraction for 60 gold pieces
 34738 | Vaults:4 | 34738 ||| BUYING potion of mutation (160 gold).
 34738 | Vaults:4 | Bought a potion of mutation for 160 gold pieces
 34738 | Vaults:4 | 34738 ||| BUYING potion of resistance (200 gold).
 34738 | Vaults:4 | Bought a potion of resistance for 200 gold pieces
 34781 | Vaults:4 | 34781 ||| Stepping ~*~*~tactically~*~*~ (hiding).
 34873 | Vaults:4 | 34873 ||| INVOKING Finesse.
 34885 | Vaults:4 | 34885 ||| INVOKING Heroism.
 34890 | Vaults:4 | Received a gift from Okawaru
 34918 | Vaults:4 | Received a gift from Okawaru
 34938 | Vaults:4 | 34938 ||| Stepping ~*~*~tactically~*~*~ (hiding).
 34939 | Vaults:4 | 34939 ||| FLEEEEING.
 34941 | Vaults:4 | 34941 ||| Stepping ~*~*~tactically~*~*~ (hiding).
 34942 | Vaults:4 | 34942 ||| Stepping ~*~*~tactically~*~*~ (hiding).
 34970 | Vaults:4 | 34970 ||| Stepping ~*~*~tactically~*~*~ (stealth).
 34971 | Vaults:4 | 34971 ||| Stepping ~*~*~tactically~*~*~ (stealth).
 34974 | Vaults:4 | 34974 ||| Stepping ~*~*~tactically~*~*~ (stealth).
 34991 | Vaults:4 | 34991 ||| FLEEEEING.
 34992 | Vaults:4 | 34992 ||| FLEEEEING.
 34993 | Vaults:4 | 34993 ||| FLEEEEING.
 34994 | Vaults:4 | 34994 ||| FLEEEEING.
 34995 | Vaults:4 | 34995 ||| FLEEEEING.
 34996 | Vaults:4 | 34996 ||| FLEEEEING.
 34997 | Vaults:4 | 34997 ||| FLEEEEING.
 35002 | Vaults:4 | 35002 ||| FLEEEEING.
 35003 | Vaults:4 | 35003 ||| FLEEEEING.
 35004 | Vaults:4 | 35004 ||| FLEEEEING.
 35005 | Vaults:4 | 35005 ||| FLEEEEING.
 35006 | Vaults:4 | 35006 ||| FLEEEEING.
 35007 | Vaults:4 | 35007 ||| FLEEEEING.
 35008 | Vaults:4 | 35008 ||| FLEEEEING.
 35009 | Vaults:4 | 35009 ||| FLEEEEING.
 35015 | Vaults:4 | 35015 ||| FLEEEEING.
 35016 | Vaults:4 | 35016 ||| FLEEEEING.
 35017 | Vaults:4 | 35017 ||| FLEEEEING.
 35018 | Vaults:4 | 35018 ||| STAIRDANCE
 35073 | Vaults:4 | Received a gift from Okawaru
 35074 | Vaults:4 | Reached XP level 21. HP: 139/139 MP: 28/28
 35151 | Vaults:4 | 35151 ||| Stepping ~*~*~tactically~*~*~ (hiding).
 35206 | Vaults:4 | 35206 ||| Stepping ~*~*~tactically~*~*~ (hiding).
 35208 | Vaults:4 | 35208 ||| Stepping ~*~*~tactically~*~*~ (hiding).
 35430 | Vaults:4 | 35430 ||| Stepping ~*~*~tactically~*~*~ (hiding).
 35433 | Vaults:4 | 35433 ||| Stepping ~*~*~tactically~*~*~ (hiding).
 35434 | Vaults:4 | 35434 ||| Stepping ~*~*~tactically~*~*~ (hiding).
 35516 | Vaults:4 | 35516 ||| Stepping ~*~*~tactically~*~*~ (stealth).
 35520 | Vaults:4 | 35520 ||| Stepping ~*~*~tactically~*~*~ (stealth).
 35555 | Vaults:4 | 35555 ||| READING scroll of brand weapon.
 35555 | Vaults:4 | 35555 ||| BRANDING +3 broad axe of draining.
 35853 | Vaults:4 | 35853 ||| PLANNING SNAKE:4
 35853 | Vaults:4 | 35853 ||| DROPPING +1 pair of boots of flying.
 35854 | Vaults:4 | 35854 ||| DROPPING +6 ring of strength.
 36296 | Snake:4  | Entered Level 4 of the Snake Pit
 36307 | Snake:4  | 36307 ||| Stepping ~*~*~tactically~*~*~ (stealth).
 36348 | Snake:4  | 36348 ||| Stepping ~*~*~tactically~*~*~ (stealth).
 36349 | Snake:4  | 36349 ||| FLEEEEING.
 36447 | Snake:4  | 36447 ||| Stepping ~*~*~tactically~*~*~ (hiding).
 36453 | Snake:4  | 36453 ||| Stepping ~*~*~tactically~*~*~ (hiding).
 36454 | Snake:4  | 36454 ||| Stepping ~*~*~tactically~*~*~ (hiding).
 36519 | Snake:4  | 36519 ||| Stepping ~*~*~tactically~*~*~ (hiding).
 36520 | Snake:4  | 36520 ||| Stepping ~*~*~tactically~*~*~ (hiding).
 36523 | Snake:4  | 36523 ||| Stepping ~*~*~tactically~*~*~ (hiding).
 36591 | Snake:4  | 36591 ||| Stepping ~*~*~tactically~*~*~ (hiding).
 36592 | Snake:4  | 36592 ||| Stepping ~*~*~tactically~*~*~ (hiding).
 36609 | Snake:4  | 36609 ||| Stepping ~*~*~tactically~*~*~ (hiding).
 36678 | Snake:4  | 36678 ||| Stepping ~*~*~tactically~*~*~ (hiding).
 36681 | Snake:4  | 36681 ||| Stepping ~*~*~tactically~*~*~ (hiding).
 36689 | Snake:4  | Noticed Nikola
 36696 | Snake:4  | Noticed Vashnia
 36703 | Snake:4  | 36703 ||| INVOKING Heroism.
 36716 | Snake:4  | Killed Nikola
 36737 | Snake:4  | Killed Vashnia
 36819 | Snake:4  | Reached skill level 18 in Fighting
 36903 | Snake:4  | Received a gift from Okawaru
 36929 | Snake:4  | 36929 ||| Stepping ~*~*~tactically~*~*~ (hiding).
 36931 | Snake:4  | 36931 ||| Stepping ~*~*~tactically~*~*~ (hiding).
 36932 | Snake:4  | 36932 ||| Stepping ~*~*~tactically~*~*~ (hiding).
 36934 | Snake:4  | 36934 ||| Stepping ~*~*~tactically~*~*~ (hiding).
 36945 | Snake:4  | 36945 ||| Stepping ~*~*~tactically~*~*~ (stealth).
 36967 | Snake:4  | 36967 ||| Stepping ~*~*~tactically~*~*~ (hiding).
 36969 | Snake:4  | 36969 ||| Stepping ~*~*~tactically~*~*~ (hiding).
 36976 | Snake:4  | 36976 ||| Stepping ~*~*~tactically~*~*~ (hiding).
 36978 | Snake:4  | 36978 ||| Stepping ~*~*~tactically~*~*~ (hiding).
 37017 | Snake:4  | 37017 ||| INVOKING Heroism.
 37031 | Snake:4  | Received a gift from Okawaru
 37094 | Snake:4  | 37094 ||| INVOKING Heroism.
 37147 | Snake:4  | 37147 ||| Stepping ~*~*~tactically~*~*~ (hiding).
 37247 | Snake:4  | 37247 ||| Stepping ~*~*~tactically~*~*~ (hiding).
 37256 | Snake:4  | Received a gift from Okawaru
 37313 | Snake:4  | 37313 ||| Stepping ~*~*~tactically~*~*~ (stealth).
 37314 | Snake:4  | 37314 ||| Stepping ~*~*~tactically~*~*~ (stealth).
 37371 | Snake:4  | Received a gift from Okawaru
 37416 | Snake:4  | 37416 ||| INVOKING Heroism.
 37421 | Snake:4  | Received a gift from Okawaru
 37480 | Snake:4  | 37480 ||| Stepping ~*~*~tactically~*~*~ (stealth).
 37488 | Snake:4  | 37488 ||| Stepping ~*~*~tactically~*~*~ (hiding).
 37489 | Snake:4  | 37489 ||| Stepping ~*~*~tactically~*~*~ (hiding).
 37510 | Snake:4  | Received a gift from Okawaru
 37528 | Snake:4  | Got a serpentine rune of Zot
 37847 | Snake:4  | 37847 ||| PLANNING DEPTHS
 37847 | Snake:4  | 37847 ||| UPGRADING to +1 cloak of preservation.
 37857 | Snake:4  | 37857 ||| DROPPING +0 cloak.
 37858 | Snake:4  | 37858 ||| UPGRADING to +0 tower shield of protection.
 37868 | Snake:4  | 37868 ||| DROPPING +2 tower shield.
 38169 | Depths:1 | Entered Level 1 of the Depths
 38178 | Depths:1 | 38178 ||| INVOKING Heroism.
 38179 | Depths:1 | 38179 ||| INVOKING Finesse.
 38195 | Depths:1 | Reached skill level 21 in Armour
 38265 | Depths:1 | You are sucked into a shaft and drop 1 floor!
 38269 | Depths:2 | 38269 ||| INVOKING Finesse.
 38279 | Depths:2 | Received a gift from Okawaru
 38311 | Depths:2 | Found a one-way gate to the infinite horrors of the Abyss.
 38326 | Depths:2 | Found a runed translucent gate.
 38326 | Depths:2 | Found a runed translucent gate.
 38326 | Depths:2 | Found a runed translucent gate.
 38359 | Depths:2 | 38359 ||| Stepping ~*~*~tactically~*~*~ (hiding).
 38360 | Depths:2 | 38360 ||| Stepping ~*~*~tactically~*~*~ (hiding).
 38375 | Depths:2 | 38375 ||| INVOKING Heroism.
 38417 | Depths:2 | Found a one-way gate leading to the halls of Pandemonium.
 38501 | Depths:1 | Found Naje's Jewellery Shoppe.
 38503 | Depths:1 | 38503 ||| INVOKING Finesse.
 38504 | Depths:1 | 38504 ||| INVOKING Heroism.
 38513 | Depths:1 | Received a gift from Okawaru
 38530 | Depths:1 | Received a gift from Okawaru
 38540 | Depths:1 | Found Voibesow's Antique Weapon Emporium.
 38563 | Depths:1 | 38563 ||| BUYING ring of protection from fire (525 gold).
 38563 | Depths:1 | Bought a ring of protection from fire for 525 gold pieces
 38563 | Depths:1 | 38563 ||| BUYING ring of protection from fire (525 gold).
 38563 | Depths:1 | Bought a ring of protection from fire for 525 gold pieces
 38609 | Depths:1 | 38609 ||| Stepping ~*~*~tactically~*~*~ (hiding).
 38610 | Depths:1 | 38610 ||| Stepping ~*~*~tactically~*~*~ (hiding).
 38625 | Depths:1 | Reached XP level 22. HP: 130/148 MP: 29/29
 38632 | Depths:1 | Received a gift from Okawaru
 38634 | Depths:1 | 38634 ||| INVOKING Heroism.
 38641 | Depths:1 | Reached skill level 19 in Fighting
 38647 | Depths:1 | Found a gateway to Hell.
 38829 | Depths:1 | 38829 ||| INVOKING Heroism.
 38830 | Depths:1 | 38830 ||| INVOKING Finesse.
 39007 | Depths:1 | Found a snail-covered altar of Cheibriados.
 39016 | Depths:1 | 39016 ||| Stepping ~*~*~tactically~*~*~ (stealth).
 39024 | Depths:1 | Received a gift from Okawaru
 39035 | Depths:1 | Found a glowing golden altar of the Shining One.
 39035 | Depths:1 | Found a white marble altar of Elyvilon.
 39038 | Depths:1 | 39038 ||| Stepping ~*~*~tactically~*~*~ (hiding).
 39126 | Depths:1 | Found a glowing silver altar of Zin.
 39307 | Depths:2 | 39307 ||| Stepping ~*~*~tactically~*~*~ (hiding).
 39319 | Depths:2 | 39319 ||| INVOKING Heroism.
 39330 | Depths:2 | Received a gift from Okawaru
 39363 | Depths:2 | 39363 ||| INVOKING Finesse.
 39384 | Depths:2 | Noticed a caustic shrike
 39384 | Depths:2 | Identified the +7 long sword "Zoacuo" {freeze, *Corrode
                  | Str+4 Int-3 Dex+9}
 39385 | Depths:2 | 39385 ||| INVOKING Heroism.
 39409 | Depths:2 | Killed a caustic shrike
 39415 | Depths:2 | HP: 34/149 [constriction (4)]
 39416 | Depths:2 | 39416 ||| READING 11 scrolls of teleportation.
 39417 | Depths:2 | 39417 ||| DRINKING 7 potions of heal wounds.
 39497 | Depths:2 | 39497 ||| Stepping ~*~*~tactically~*~*~ (stealth).
 39499 | Depths:2 | 39499 ||| Stepping ~*~*~tactically~*~*~ (hiding).
 39507 | Depths:2 | 39507 ||| Stepping ~*~*~tactically~*~*~ (hiding).
 39516 | Depths:2 | 39516 ||| INVOKING Heroism.
 39551 | Depths:2 | Noticed Xutext's ghost (adept DsAK)
 39610 | Depths:2 | 39610 ||| DROPPING +4 war axe of flaming.
 39644 | Depths:2 | 39644 ||| READING scroll of enchant weapon.
 39644 | Depths:2 | 39644 ||| ENCHANTING +3 broad axe of venom.
 39698 | Depths:2 | Identified the staff of earth "Wotiex" {rPois rN++ Int+3}
 39814 | Depths:2 | 39814 ||| Stepping ~*~*~tactically~*~*~ (hiding).
 39819 | Depths:2 | 39819 ||| Stepping ~*~*~tactically~*~*~ (stealth).
 39838 | Depths:2 | 39838 ||| INVOKING Heroism.
 39857 | Depths:2 | HP: 37/149 [harpy (6)]
 39858 | Depths:2 | 39858 ||| READING 10 scrolls of teleportation.
 39859 | Depths:2 | 39859 ||| DRINKING 6 potions of heal wounds.
 39940 | Depths:2 | 39940 ||| Stepping ~*~*~tactically~*~*~ (hiding).
 39963 | Depths:2 | 39963 ||| INVOKING Heroism.
 40015 | Depths:2 | 40015 ||| Stepping ~*~*~tactically~*~*~ (stealth).
 40025 | Depths:2 | 40025 ||| Stepping ~*~*~tactically~*~*~ (stealth).
 40026 | Depths:2 | 40026 ||| Stepping ~*~*~tactically~*~*~ (stealth).
 40320 | Depths:2 | Identified a scroll of acquirement
 40329 | Depths:2 | 40329 ||| READING scroll of acquirement.
 40329 | Depths:2 | 40329 ||| ACQUIRING +6 broad axe of the Moth {heavy, Will+}
 40329 | Depths:2 | Acquired the +6 broad axe of the Moth {heavy, Will+}
 40331 | Depths:2 | 40331 ||| SWAPPING to +6 broad axe of the Moth {heavy,
                  | Will+}.
 40332 | Depths:2 | 40332 ||| DROPPING +4 broad axe of venom.
 40545 | Depths:3 | 40545 ||| INVOKING Heroism.
 40547 | Depths:3 | Received a gift from Okawaru
 40584 | Depths:3 | 40584 ||| INVOKING Finesse.
 40607 | Depths:3 | Received a gift from Okawaru
 40707 | Depths:3 | 40707 ||| Stepping ~*~*~tactically~*~*~ (hiding).
 40745 | Depths:3 | 40745 ||| INVOKING Heroism.
 40779 | Depths:3 | Found a one-way gateway to a ziggurat.
 40780 | Depths:3 | Found a transporter.
 40800 | Depths:3 | Found a transporter.
 40810 | Depths:3 | Found a viscous altar of Jiyva.
 40865 | Depths:3 | 40865 ||| INVOKING Finesse.
 40870 | Depths:3 | 40870 ||| Stepping ~*~*~tactically~*~*~ (stealth).
 40994 | Depths:3 | 40994 ||| INVOKING Heroism.
 41030 | Depths:3 | Reached skill level 20 in Fighting
 41050 | Depths:3 | Noticed a golden dragon
 41051 | Depths:3 | 41051 ||| INVOKING Heroism.
 41057 | Depths:3 | Killed a golden dragon
 41254 | Depths:3 | 41254 ||| Stepping ~*~*~tactically~*~*~ (hiding).
 41257 | Depths:3 | 41257 ||| Stepping ~*~*~tactically~*~*~ (hiding).
 41261 | Depths:3 | 41261 ||| INVOKING Heroism.
 41291 | Depths:3 | 41291 ||| INVOKING Finesse.
 41302 | Depths:3 | Reached XP level 23. HP: 156/156 MP: 25/30
 41391 | Depths:3 | Noticed Xtahua
 41392 | Depths:3 | 41392 ||| DRINKING 4 potions of resistance.
 41393 | Depths:3 | 41393 ||| INVOKING Heroism.
 41401 | Depths:3 | Killed Xtahua
 41407 | Depths:3 | 41407 ||| INVOKING Heroism.
 41812 | Depths:4 | Entered Level 4 of the Depths
 41813 | Depths:4 | 41813 ||| INVOKING Heroism.
 41823 | Depths:4 | Reached skill level 21 in Shields
 41841 | Depths:4 | 41841 ||| INVOKING Finesse.
 41893 | Depths:4 | 41893 ||| READING scroll of enchant armour.
 41893 | Depths:4 | 41893 ||| ENCHANTING +2 crystal plate armour.
 41928 | Depths:4 | 41928 ||| INVOKING Heroism.
 41938 | Depths:4 | 41938 ||| Stepping ~*~*~tactically~*~*~ (stealth).
 41944 | Depths:4 | 41944 ||| Stepping ~*~*~tactically~*~*~ (hiding).
 41965 | Depths:4 | Received a gift from Okawaru
 42092 | Depths:4 | 42092 ||| INVOKING Heroism.
 42105 | Depths:4 | 42105 ||| INVOKING Finesse.
 42119 | Depths:4 | Received a gift from Okawaru
 42138 | Depths:4 | Noticed a caustic shrike
 42139 | Depths:4 | 42139 ||| INVOKING Heroism.
 42142 | Depths:4 | Noticed a caustic shrike
 42143 | Depths:4 | Noticed a caustic shrike
 42144 | Depths:4 | Killed a caustic shrike
 42144 | Depths:4 | Noticed a caustic shrike
 42144 | Depths:4 | Noticed a caustic shrike
 42147 | Depths:4 | Killed a caustic shrike
 42151 | Depths:4 | Killed a caustic shrike
 42152 | Depths:4 | Reached skill level 21 in Fighting
 42153 | Depths:4 | Killed a caustic shrike
 42157 | Depths:4 | Killed a caustic shrike
 42292 | Depths:4 | 42292 ||| INVOKING Heroism.
 42308 | Depths:4 | 42308 ||| Stepping ~*~*~tactically~*~*~ (hiding).
 42345 | Depths:4 | 42345 ||| Stepping ~*~*~tactically~*~*~ (stealth).
 42346 | Depths:4 | 42346 ||| Stepping ~*~*~tactically~*~*~ (stealth).
 42349 | Depths:4 | 42349 ||| Stepping ~*~*~tactically~*~*~ (stealth).
 42376 | Depths:4 | 42376 ||| Stepping ~*~*~tactically~*~*~ (hiding).
 42377 | Depths:4 | 42377 ||| Stepping ~*~*~tactically~*~*~ (hiding).
 42378 | Depths:4 | 42378 ||| Stepping ~*~*~tactically~*~*~ (hiding).
 42379 | Depths:4 | 42379 ||| Stepping ~*~*~tactically~*~*~ (hiding).
 42380 | Depths:4 | 42380 ||| Stepping ~*~*~tactically~*~*~ (hiding).
 42381 | Depths:4 | 42381 ||| Stepping ~*~*~tactically~*~*~ (hiding).
 42599 | Depths:4 | 42599 ||| INVOKING Heroism.
 42652 | Depths:4 | Found a gate to the Realm of Zot.
 42777 | Depths:4 | 42777 ||| PLANNING VAULTS:5
 43175 | Vaults:5 | Entered Level 5 of the Vaults
 43176 | Vaults:5 | 43176 ||| INVOKING Heroism.
 43179 | Vaults:5 | Received a gift from Okawaru
 43182 | Vaults:5 | 43182 ||| STAIRDANCE
 43187 | Vaults:4 | Reached skill level 12 in Throwing
 43189 | Vaults:4 | Received a gift from Okawaru
 43277 | Vaults:5 | 43277 ||| INVOKING Heroism.
 43285 | Vaults:5 | 43285 ||| INVOKING Finesse.
 43286 | Vaults:5 | Received a gift from Okawaru
 43295 | Vaults:5 | HP: 37/161 [titan (17)]
 43296 | Vaults:5 | 43296 ||| STAIRDANCE
 43298 | Vaults:4 | 43298 ||| READING 9 scrolls of teleportation.
 43434 | Vaults:5 | 43434 ||| INVOKING Heroism.
 43438 | Vaults:5 | Noticed Mara
 43441 | Vaults:5 | Reached skill level 22 in Fighting
 43442 | Vaults:5 | Noticed a golden dragon
 43444 | Vaults:5 | 43444 ||| STAIRDANCE
 43449 | Vaults:4 | HP: 19/162 [frost giant/+0 battleaxe of freezing (44)]
 43450 | Vaults:4 | 43450 ||| READING 8 scrolls of teleportation.
 43451 | Vaults:4 | 43451 ||| DRINKING 5 potions of heal wounds.
 43452 | Vaults:4 | 43452 ||| DRINKING 4 potions of heal wounds.
 43548 | Vaults:5 | 43548 ||| INVOKING Heroism.
 43555 | Vaults:5 | Received a gift from Okawaru
 43556 | Vaults:5 | 43556 ||| INVOKING Finesse.
 43558 | Vaults:5 | Noticed qw's illusion
 43560 | Vaults:5 | Killed a golden dragon
 43563 | Vaults:5 | HP: 39/162 [bunyip simulacrum[a necromancer] (12)]
 43564 | Vaults:5 | 43564 ||| READING 7 scrolls of teleportation.
 43565 | Vaults:5 | 43565 ||| DRINKING 3 potions of heal wounds.
 43573 | Vaults:5 | Received a gift from Okawaru
 43580 | Vaults:5 | Reached XP level 24. HP: 58/168 MP: 28/30
 43585 | Vaults:5 | HP: 41/168 [purple very ugly thing (16)]
 43586 | Vaults:5 | 43586 ||| READING 6 scrolls of teleportation.
 43587 | Vaults:5 | 43587 ||| DRINKING 2 potions of heal wounds.
 43588 | Vaults:5 | 43588 ||| INVOKING Heroism.
 43616 | Vaults:5 | 43616 ||| INVOKING Finesse.
 43619 | Vaults:5 | 43619 ||| Stepping ~*~*~tactically~*~*~ (stealth).
 43623 | Vaults:5 | Noticed Saint Roka
 43623 | Vaults:5 | Noticed a dread lich
 43630 | Vaults:5 | Killed a dread lich
 43639 | Vaults:5 | 43639 ||| INVOKING Heroism.
 43643 | Vaults:5 | HP: 39/168 [Saint Roka/divine providence (13)]
 43644 | Vaults:5 | 43644 ||| READING 5 scrolls of teleportation.
 43645 | Vaults:5 | 43645 ||| DRINKING potion of heal wounds.
 43652 | Vaults:5 | 43652 ||| READING 4 scrolls of teleportation.
 43652 | Vaults:5 | HP: 28/168 [Saint Roka/divine providence (11)]
 43657 | Vaults:5 | Killed Saint Roka
 43657 | Vaults:5 | Received a gift from Okawaru
 43712 | Vaults:5 | 43712 ||| INVOKING Heroism.
 43727 | Vaults:5 | Noticed an ancient lich
 43735 | Vaults:5 | Killed an ancient lich
 43821 | Vaults:5 | Identified the +1 scale mail of Vampiric Thralls {+Blink
                  | rPois}
 43845 | Vaults:5 | 43845 ||| Stepping ~*~*~tactically~*~*~ (stealth).
 43847 | Vaults:5 | Noticed a dread lich
 43848 | Vaults:5 | 43848 ||| INVOKING Heroism.
 43852 | Vaults:5 | Killed a dread lich
 43853 | Vaults:5 | 43853 ||| INVOKING Finesse.
 43860 | Vaults:5 | 43860 ||| Stepping ~*~*~tactically~*~*~ (hiding).
 43861 | Vaults:5 | 43861 ||| Stepping ~*~*~tactically~*~*~ (hiding).
 43907 | Vaults:5 | Identified the +8 halberd of Utiosha {protect, rElec}
 43910 | Vaults:5 | 43910 ||| INVOKING Heroism.
 43933 | Vaults:5 | Noticed an ancient lich
 43934 | Vaults:5 | 43934 ||| INVOKING Finesse.
 43939 | Vaults:5 | Killed an ancient lich
 43940 | Vaults:5 | Reached skill level 23 in Fighting
 43955 | Vaults:5 | Identified the staff of fire "Diumiod" {rF+ Will+ Int+2}
 43955 | Vaults:5 | Identified the +2 chain mail "Myedgh" {Will+ Dex+4}
 43978 | Vaults:5 | Reached skill level 6 in Dodging
 44024 | Vaults:5 | 44024 ||| INVOKING Heroism.
 44160 | Vaults:5 | Identified the +10 rapier "Beetlebane" {venom, Fly rC+}
 44198 | Vaults:5 | Identified the amulet "Qireh" {rElec rF+ Will+ Regen+}
 44203 | Vaults:5 | Received a gift from Okawaru
 44220 | Vaults:5 | 44220 ||| Stepping ~*~*~tactically~*~*~ (stealth).
 44246 | Vaults:5 | Found the +3 Elemental Staff {rElec rF+ rC+ AC+3}
 44261 | Vaults:5 | 44261 ||| Stepping ~*~*~tactically~*~*~ (hiding).
 44262 | Vaults:5 | 44262 ||| Stepping ~*~*~tactically~*~*~ (hiding).
 44266 | Vaults:5 | 44266 ||| Stepping ~*~*~tactically~*~*~ (hiding).
 44437 | Vaults:5 | 44437 ||| INVOKING Heroism.
 44467 | Vaults:5 | Identified the +1 glaive "Rummage" {protect, rElec Str+2}
 44481 | Vaults:5 | Identified the +1 plate armour of Grot {Will- rCorr Int+4}
 44485 | Vaults:5 | Noticed a dread lich
 44486 | Vaults:5 | 44486 ||| INVOKING Heroism.
 44487 | Vaults:5 | 44487 ||| INVOKING Finesse.
 44493 | Vaults:5 | Killed a dread lich
 44534 | Vaults:5 | 44534 ||| Stepping ~*~*~tactically~*~*~ (hiding).
 44539 | Vaults:5 | Received a gift from Okawaru
 44567 | Vaults:5 | Identified the +6 acid dragon scales "Vesmisch" {rN+ Regen+
                  | rCorr Slay+3}
 44568 | Vaults:5 | 44568 ||| INVOKING Heroism.
 44569 | Vaults:5 | 44569 ||| INVOKING Finesse.
 44579 | Vaults:5 | Killed Mara
 44630 | Vaults:5 | 44630 ||| Stepping ~*~*~tactically~*~*~ (stealth).
 44632 | Vaults:5 | 44632 ||| Stepping ~*~*~tactically~*~*~ (hiding).
 44701 | Vaults:5 | Identified the ring of Xom's Passing Interest {Drain rC+
                  | Will+ Dex+2 Stlth+}
 44703 | Vaults:5 | Identified the ring "Uqiruesch" {Ice Int+4}
 44729 | Vaults:5 | 44729 ||| INVOKING Heroism.
 44732 | Vaults:5 | 44732 ||| Stepping ~*~*~tactically~*~*~ (hiding).
 44740 | Vaults:5 | 44740 ||| Stepping ~*~*~tactically~*~*~ (hiding).
 44971 | Vaults:5 | 44971 ||| Stepping ~*~*~tactically~*~*~ (hiding).
 44975 | Vaults:5 | 44975 ||| INVOKING Heroism.
 44976 | Vaults:5 | Received a gift from Okawaru
 44979 | Vaults:5 | Identified the +6 plate armour "Amyzenush" {Will+}
 44980 | Vaults:5 | Noticed Boris
 44982 | Vaults:5 | 44982 ||| Stepping ~*~*~tactically~*~*~ (hiding).
 44994 | Vaults:5 | Killed Boris
 45271 | Vaults:5 | Identified the staff of fire "Noliett" {rPois rF+ rC+}
 45312 | Vaults:5 | Identified the +5 dagger of Clean Prudence {speed, rN++
                  | rCorr}
 45314 | Vaults:5 | 45314 ||| Stepping ~*~*~tactically~*~*~ (hiding).
 45315 | Vaults:5 | 45315 ||| Stepping ~*~*~tactically~*~*~ (hiding).
 45317 | Vaults:5 | 45317 ||| Stepping ~*~*~tactically~*~*~ (hiding).
 45432 | Vaults:5 | Identified the staff of conjuration "Bottuuse" {Fly rC++
                  | rCorr MP-9}
 45433 | Vaults:5 | Identified the staff of death "Nonigy" {rN+ Will+ Int+6
                  | Stlth-}
 45437 | Vaults:5 | Got a silver rune of Zot
 45556 | Vaults:5 | 45556 ||| PLANNING SHOPPING SPREE
 45556 | Vaults:5 | 45556 ||| DROPPING +3 scale mail of Midnight {+Blink
                  | rCorr}.
 45557 | Vaults:5 | 45557 ||| UPGRADING to +2 pair of boots of stealth.
 45567 | Vaults:5 | 45567 ||| DROPPING +1 pair of boots.
 45568 | Vaults:5 | 45568 ||| DROPPING +1 pair of gloves of infusion.
 45569 | Vaults:5 | 45569 ||| DROPPING +1 plate armour of Grot {Will- rCorr
                  | Int+4}.
 45570 | Vaults:5 | 45570 ||| DROPPING ring "Uqiruesch" {Ice Int+4}.
 45571 | Vaults:5 | 45571 ||| PLANNING ZOT:1-4
 45966 | Zot:1    | Entered Level 1 of the Realm of Zot
 46106 | Zot:1    | 46106 ||| INVOKING Heroism.
 46123 | Zot:1    | Reached skill level 24 in Fighting
 46148 | Zot:1    | Received a gift from Okawaru
 46278 | Zot:1    | 46278 ||| INVOKING Heroism.
 46324 | Zot:1    | 46324 ||| Stepping ~*~*~tactically~*~*~ (stealth).
 46325 | Zot:1    | 46325 ||| INVOKING Heroism.
 46338 | Zot:1    | 46338 ||| Stepping ~*~*~tactically~*~*~ (cloud).
 46372 | Zot:1    | Reached XP level 25. HP: 59/178 MP: 30/30
 46372 | Zot:1    | 46372 ||| INVOKING Heroism.
 46382 | Zot:1    | HP: 41/178 [white draconian stormcaller/blast of cold (9)]
 46383 | Zot:1    | 46383 ||| READING 5 scrolls of teleportation.
 46384 | Zot:1    | 46384 ||| DRINKING potion of heal wounds.
 46389 | Zot:1    | HP: 37/178 [electric golem/bolt of lightning (2)]
 46648 | Zot:1    | 46648 ||| Stepping ~*~*~tactically~*~*~ (hiding).
 46918 | Zot:1    | 46918 ||| Stepping ~*~*~tactically~*~*~ (hiding).
 46919 | Zot:1    | 46919 ||| Stepping ~*~*~tactically~*~*~ (hiding).
 46923 | Zot:1    | 46923 ||| Stepping ~*~*~tactically~*~*~ (hiding).
 46927 | Zot:1    | 46927 ||| Stepping ~*~*~tactically~*~*~ (cloud).
 46933 | Zot:1    | 46933 ||| Stepping ~*~*~tactically~*~*~ (hiding).
 46936 | Zot:1    | 46936 ||| Stepping ~*~*~tactically~*~*~ (hiding).
 47208 | Zot:1    | 47208 ||| INVOKING Heroism.
 47408 | Zot:1    | HP: 38/179 [white draconian stormcaller/divine providence
                  | (14)]
 47409 | Zot:1    | 47409 ||| READING 4 scrolls of teleportation.
 47415 | Zot:1    | HP: 15/179 [white draconian stormcaller/divine providence
                  | (13)]
 47417 | Zot:2    | 47417 ||| STAIRDANCE
 47420 | Zot:1    | 47420 ||| READING 3 scrolls of teleportation.
 47428 | Zot:1    | HP: 30/179 [wind drake/the air[a white draconian
                  | stormcaller] (2)]
 47430 | Zot:1    | HP: 11/179 [white draconian stormcaller (22)]
 47431 | Zot:1    | 47431 ||| READING 2 scrolls of teleportation.
 47431 | Zot:1    | HP: 2/179 [white draconian stormcaller/divine providence
                  | (10)]
 47436 | Zot:1    | Killed from afar by a white draconian stormcaller

Levels and vault maps discovered:
D:1:      amcnicky_arrival_underground_garden, layout_loops_ring, serial_forest,
          infiniplex_forest_lined_4_way, infiniplex_forest_straight_1,
          infiniplex_forest_end_2, infiniplex_forest_lined_4_way,
          infiniplex_forest_lined_3, infiniplex_forest_straight_3,
          infiniplex_forest_end_2
D:2:      layout_basic, ebering_ecumenical_altar_sacrificial, basic_altar
D:3:      layout_loops_corners, ebering_dispersal_statue_hall, minivault_27
D:4:      layout_cave_pools
D:5:      layout_loops_ring, gammafunk_temple_overflow_claw,
          nicolae_stop_n_shop_2, nicolae_wormholes
D:6:      layout_rooms, kiku_gazebo_pond_becter, dk_noncrumbling_3,
          chequers_hall_statues_wall_a, kennysheep_generic_room_10,
          uniq_sigmund, uniq_pikel, uniq_crazy_yiuf_cottage
D:7:      layout_basic, mainiacjoe_overflow_small_starburst,
          minmay_temple_entry_wispy
D:8:      layout_rooms, general_overflow_altar
D:9:      hangedman_cross_stitches, layout_basic, dpeg_oklobed_lair, uniq_grum
D:10:     cheibrodos_grave_circle, layout_long_grid, erik_orc_4,
          ebering_ghost_rock_garden
D:11:     layout_stronghold, gauntlet_entry_generic, lemuel_flame_loot_1,
          uniq_lodul
D:12:     layout_cave_pools, uniq_maurice, uniq_gastronok
D:13:     layout_irregular_city, evilmike_butchery
D:14:     layout_long_grid, david_vaults_2, minmay_misc_feat_columns,
          gammafunk_ghost_grave, fedhas_altar_4, uniq_roxanne
D:15:     grunt_enter_depths_snipers, layout_long_grid, minmay_fountain_box
Lair:1:   layout_loops_ring, gammafunk_ghost_ooze, evilmike_ambush
          [evilmike_ambush_outer_basic, evilmike_ambush_inner_basic]
Lair:2:   layout_regular_city, grunt_megastairs_3
Lair:3:   layout_regular_city, minmay_swamp_entry_eels,
          nicolae_snake_entry_squirm, serial_rivers,
          chequers_serial_rivers_small_b, chequers_serial_rivers_micro_c,
          chequers_serial_rivers_room_a, chequers_serial_rivers_small_3,
          chequers_serial_rivers_micro_e, chequers_serial_rivers_room_a,
          nicolae_quartered_pool_little, lemuel_centaur_altar
Lair:4:   layout_gridlike, kennysheep_catoblepas_arena, grunt_megastairs_2,
          uniq_kirke
Lair:5:   minmay_lair_end_enchanted_forest, layout_regular_city, slime_entry_1,
          roderic_batcave, infiniplex_staircase_pool_2, serial_bayou_shore_b
Swamp:1:  layout_basic_swamp, nicolae_swamp_ascending_descending, swamp_pool5,
          infiniplex_staircase_pool
Swamp:2:  nicolae_swamp_flooded_prison, layout_basic_swamp,
          portal_ice_cave_entry_pillars_2, evilmike_swamp_ruin_wall,
          swamp_pool3, nicolae_swamp_trees_clearing
Swamp:3:  layout_basic_swamp, nicolae_swamp_well_well_well, uniq_donald
Swamp:4:  swamp_basic_johnstein, layout_basic_swamp, swamp_pool1
Snake:1:  layout_misc_corridors, special_room
Snake:2:  layout_misc_corridors, uniq_louise
Snake:3:  layout_rooms, hellmonk_scale_shop
Snake:4:  grunt_snake_rune_spirals, layout_onion,
          nicolae_snake_snakes_in_the_grass, uniq_vashnia, uniq_nikola
Orc:1:    layout_caves, uniq_jorgrun, uniq_snorg
Orc:2:    grunt_orc_cross, layout_diamond_mine
Vaults:1: portal_desolation_entry_garden, st_smaller_cells, vaults_room_octagon,
          nicolae_vaults_stepped_doors, hangedman_vaults_capsules,
          hangedman_vaults_corner, nicolae_vaults_hexular_roomagon,
          nicolae_vaults_asterisk, nicolae_vaults_twisting_passages,
          hangedman_vaults_pinch, nicolae_vaults_apartment_1,
          nicolae_vaults_door_testing_chamber, nicolae_vaults_circle_grid_a,
          ontoclasm_vaults_claustrophobia, vaults_room_semicircle,
          ontoclasm_vaults_ring_square, layout_vaults_maze
Vaults:2: nicolae_vaults_frosty_reception, v_misc_9, ontoclasm_vaults_ligature,
          vaults_mumra_lcd, nicolae_vaults_heist, nicolae_vaults_network_s,
          nicolae_vaults_six-pack, minmay_crypt_entry_nasty_monster, v_misc_27,
          ontoclasm_vaults_ring_small, ontoclasm_vaults_decontamination,
          layout_vaults_omnibox, serial_shops, nicolae_shop_trees, uniq_sojobo,
          uniq_margery
Vaults:3: v_misc_13, ontoclasm_vaults_gateway, v_alt_pattern_6,
          ontoclasm_vaults_pinch, grunt_vaults_trifunnel, nicolae_vaults_prndl,
          v_misc_16, dpeg_vaults_monster_box, nicolae_vaults_diagonal_hallway_6,
          layout_vaults_omnigrid, uniq_frederick
Vaults:4: nicolae_vaults_rhombus_6, vaults_room_guarded_vault,
          nicolae_vaults_tetromino_L_1, nicolae_vaults_tetromino_Z_1, v_misc_26,
          v_alt_pattern_6, nicolae_vaults_little_squares_2,
          nicolae_vaults_heart-shaped_vault, v_misc_11,
          nicolae_vaults_closet_pinwheel_5, nicolae_vaults_diamond_1,
          nicolae_vaults_wrenched, grunt_vaults_hallway_short, v_misc_13,
          layout_vaults_big_room, serial_shops, shop
Vaults:5: uniq_saint_roka, uniq_boris, uniq_mara
Depths:1: layout_twisted_cross, grunt_metal_band, good_gods_mini_temple,
          cheibriados_altar_1, serial_bayou_shore_b, serial_bayou_shore_a,
          serial_bayou_shore_b, minmay_shoptagon
Depths:2: minmay_the_grid_square_5x5_4x4_mashed
          [minmay_the_grid_square_5x5_fat_x,
          minmay_the_grid_square_5x5_almost_minimal,
          minmay_the_grid_square_5x5_bridge, minmay_the_grid_square_5x5_plus,
          minmay_the_grid_square_5x5_checkered,
          minmay_the_grid_square_5x5_prize_pseudospiral,
          minmay_the_grid_square_5x5_prize_gold,
          minmay_the_grid_square_5x5_hourglass,
          minmay_the_grid_square_5x5_fancy_junction,
          minmay_the_grid_square_5x5_prize_rear_guard,
          minmay_the_grid_square_5x5_prize_snowflake,
          minmay_the_grid_square_5x5_trominoes,
          minmay_the_grid_square_5x5_tetrominoes,
          minmay_the_grid_square_5x5_meh, minmay_the_grid_square_5x5_minimal,
          minmay_the_grid_square_5x5_two_walls_a], layout_long_grid,
          gammafunk_ghost_icy, special_room [special_room_mythical_zoo],
          abyss_entry, rand_demon_pan_entry_8, grunt_hell_entry_dis_grunt,
          minmay_misc_feat_secret_circle, infiniplex_staircase_river
Depths:3: gammafunk_jiyva_shrine, layout_basic, enter_ziggurat_c,
          serial_bayou_shore_b, hell_entry, abyss_entry, evilmike_minifort,
          infiniplex_staircase_pool_1, uniq_xtahua
Depths:4: evilmike_zot_entry_basic, layout_cave_shapes, bh_walls_and_bars,
          hell_entry, abyss_entry, serial_column_ruins,
          column_ruins_portal_astroid, column_ruins_hut,
          column_ruins_hut_pillars, column_ruins_corridor_straight,
          column_ruins_corridor_straight, column_ruins_open_small,
          grunt_megastairs_5
Zot:1:    lemuel_draconian_sentries, layout_basic
Zot:2:    layout_twisted_circle, ebering_ghost_gozag

Skill      XL: |  1  2  3  4  5  6  7  8  9 10 11 12 13 14 15 16 17 18 19 20 21 22 23 24 |
---------------+-------------------------------------------------------------------------+-----
Axes           | 2 3 4 5 6 7 9 10 11 13 15 17 18 | 18.0
Fighting       | 4 5 8 9 10 11 12 13 14 15 17 18 20 22 24 | 24.2
Invocations    | 1 4 8 10 | 10.0
Dodging        | 1 2 3 4 5 6 |  6.0
Armour         | 5 6 8 9 10 13 14 15 16 18 20 21 22 | 22.0
Shields        | 4 5 6 7 8 9 15 18 19 20 21 22 | 22.0
Throwing       | 1 2 5 6 9 10 11 12 13 | 13.9

Action                     |  1- 3 |  4- 6 |  7- 9 | 10-12 | 13-15 | 16-18 | 19-21 | 22-24 | 25-27 || total
---------------------------+-------+-------+-------+-------+-------+-------+-------+-------+-------++-------
  Melee: War axe           |   111 |   150 |   189 |   111 |       |       |       |       |       ||   561
         Broad axe         |       |       |       |   384 |   925 |  1245 |  1481 |   986 |    59 ||  5080
         Headbutt          |       |       |       |    58 |   242 |    19 |       |       |       ||   319
         Flail             |       |       |       |       |    35 |       |       |       |       ||    35
         Morningstar       |       |       |       |       |       |     7 |       |       |       ||     7
         Eveningstar       |       |       |       |       |       |    36 |       |       |       ||    36
  Throw: Boomerang         |       |       |       |    72 |   108 |    24 |    54 |     6 |       ||   264
         Javelin           |       |       |       |       |    86 |   102 |    81 |    96 |    17 ||   382
 Invoke: Heroism           |       |     3 |     8 |    20 |    26 |    38 |    19 |    38 |     2 ||   154
         Finesse           |       |       |       |     3 |    10 |     5 |    10 |    14 |       ||    42
    Use: Scroll            |     6 |     7 |     3 |     5 |    11 |     7 |     2 |    11 |     4 ||    56
         Potion            |     1 |     1 |     2 |     2 |       |     6 |     4 |     8 |     1 ||    25
   Stab: Distracted        |       |       |       |     1 |       |       |       |       |       ||     1
         Petrified         |       |       |       |       |     5 |     1 |       |       |       ||     6
         Petrifying        |       |       |       |       |     2 |       |       |       |       ||     2
         Confused          |       |       |       |       |       |     1 |       |       |     1 ||     2
 Armour: Scale mail        |    57 |    47 |       |       |       |       |       |       |       ||   104
         Chain mail        |       |    23 |    85 |    61 |       |       |       |       |       ||   169
         Plate armour      |       |       |       |   203 |   303 |       |       |       |       ||   506
         Crystal plate arm |       |       |       |       |   280 |   759 |   652 |   836 |    85 ||  2612
  Dodge: Dodged            |    51 |    54 |    65 |   187 |   240 |   269 |   220 |   319 |    44 ||  1449
  Block: Buckler           |    18 |    22 |    32 |   108 |   253 |    91 |       |       |       ||   524
         Kite shield       |       |       |       |       |       |    96 |       |       |       ||    96
         Tower shield      |       |       |       |       |       |   607 |  1090 |  1149 |    97 ||  2943

Table legend:
 A = Non-vault XP
 B = Vault XP
 C = Vault XP percentage of total XP
 D = Non-vault monster count
 E = Vault monster count
 F = Vault count percentage of total count
                 A         B        C        D         E       F
            +---------+---------+-------+---------+---------+-------
      Total |  488474 |  489233 |  50.0 |    1060 |     736 |  41.0
            +---------+---------+-------+---------+---------+-------
        D:1 |      34 |       0 |   0.0 |      16 |       0 |   0.0
        D:2 |      62 |       0 |   0.0 |      27 |       0 |   0.0
        D:3 |     187 |       0 |   0.0 |      23 |       0 |   0.0
        D:4 |     232 |       0 |   0.0 |      13 |       0 |   0.0
        D:5 |     506 |      15 |   2.9 |      15 |       3 |  16.7
        D:6 |     834 |     940 |  53.0 |      20 |       4 |  16.7
        D:7 |     721 |       5 |   0.7 |      10 |       1 |   9.1
        D:8 |    2139 |      10 |   0.5 |      26 |       2 |   7.1
        D:9 |     970 |    2104 |  68.4 |      12 |      16 |  57.1
       D:10 |    2685 |    3105 |  53.6 |      19 |      29 |  60.4
       D:11 |    3602 |    1711 |  32.2 |      25 |       9 |  26.5
       D:12 |    3231 |    1889 |  36.9 |      11 |       2 |  15.4
       D:13 |    4511 |       0 |   0.0 |      21 |       0 |   0.0
       D:14 |    7921 |    3838 |  32.6 |      16 |       4 |  20.0
       D:15 |   14850 |    2690 |  15.3 |      26 |       3 |  10.3
     Lair:1 |    3896 |     923 |  19.2 |      17 |       4 |  19.0
     Lair:2 |    4596 |     403 |   8.1 |      24 |       1 |   4.0
     Lair:3 |    6000 |    1299 |  17.8 |      27 |      14 |  34.1
     Lair:4 |    3569 |    4483 |  55.7 |      14 |       9 |  39.1
     Lair:5 |   22377 |    9334 |  29.4 |      63 |      57 |  47.5
    Swamp:1 |   10586 |     408 |   3.7 |      24 |       3 |  11.1
    Swamp:2 |   11764 |    3065 |  20.7 |      22 |       7 |  24.1
    Swamp:3 |   14267 |    1341 |   8.6 |      28 |       1 |   3.4
    Swamp:4 |   14772 |   18582 |  55.7 |      25 |      31 |  55.4
    Snake:1 |   11999 |       0 |   0.0 |      25 |       0 |   0.0
    Snake:2 |   12517 |    1175 |   8.6 |      25 |       1 |   3.8
    Snake:3 |   16182 |     735 |   4.3 |      28 |       1 |   3.4
    Snake:4 |   15584 |   47627 |  75.3 |      35 |      61 |  63.5
      Orc:1 |    3048 |    2920 |  48.9 |      25 |       2 |   7.4
      Orc:2 |    4171 |    6929 |  62.4 |      41 |      37 |  47.4
   Vaults:1 |   26954 |   28958 |  51.8 |      39 |      40 |  50.6
   Vaults:2 |   47477 |   25259 |  34.7 |      71 |      29 |  29.0
   Vaults:3 |   22714 |   22800 |  50.1 |      36 |      28 |  43.8
   Vaults:4 |   20660 |   40328 |  66.1 |      29 |      45 |  60.8
   Vaults:5 |   21559 |  134396 |  86.2 |      22 |     121 |  84.6
   Depths:1 |   28174 |    5646 |  16.7 |      37 |       8 |  17.8
   Depths:2 |   19289 |   44069 |  69.6 |      21 |      51 |  70.8
   Depths:3 |   30412 |   15776 |  34.2 |      34 |      13 |  27.7
   Depths:4 |   35562 |   19852 |  35.8 |      34 |      21 |  38.2
      Zot:1 |   37860 |       0 |   0.0 |      34 |       0 |   0.0
 Desolation |       0 |   33681 | 100.0 |       0 |      71 | 100.0
   Gauntlet |       0 |    2937 | 100.0 |       0 |       7 | 100.0
            +---------+---------+-------+---------+---------+-------
